Workbook
Name \0: #REF!
Name \00: #REF!
Name \a: #REF!
Name \a: #REF!
Name \AA: #REF!
Name \b: #REF!
Name \bb: #REF!
Name \E: #REF!
Name \EE: #REF!
Name \G: #REF!
Name \k: #REF!
Name \l: #REF!
Name \M: #REF!
Name \ñ: #REF!
Name \P: #REF!
Name \R: #REF!
Name \s: #REF!
Name \s: #REF!
Name \V: #REF!
Name \X: 'APU CAP #'!ERR
Name \X: [0]!ERR
Name \Z: 'APU CAP #'!ERR
Name \Z: [0]!ERR
Name _________AFC1: #REF!
Name _________AFC3: #REF!
Name _________AFC5: #REF!
Name _________BGC1: #REF!
Name _________BGC3: #REF!
Name _________BGC5: #REF!
Name _________CAC1: #REF!
Name _________CAC3: #REF!
Name _________CAC5: #REF!
Name _________PJ50: #REF!
Name _________PJ50: #REF!
Name _________SBC1: #REF!
Name _________SBC3: #REF!
Name _________SBC5: #REF!
Name ________AFC1: #REF!
Name ________AFC3: #REF!
Name ________AFC5: #REF!
Name ________BGC1: #REF!
Name ________BGC3: #REF!
Name ________BGC5: #REF!
Name ________CAC1: #REF!
Name ________CAC3: #REF!
Name ________CAC5: #REF!
Name ________MA2: #REF!
Name ________MA2: #REF!
Name ________PJ50: #REF!
Name ________PJ50: #REF!
Name ________SBC1: #REF!
Name ________SBC3: #REF!
Name ________SBC5: #REF!
Name _______AFC1: #REF!
Name _______AFC3: #REF!
Name _______AFC5: #REF!
Name _______BGC1: #REF!
Name _______BGC3: #REF!
Name _______BGC5: #REF!
Name _______CAC1: #REF!

Sheet PRESUPUESTO CAM y CAD
C3: Formulario 1 - Propuesta económica - Licitación de obra pública de infraestructura social
D4: Version 2 del 21 de agosto de 2025
C6: FORMULARIO 1
C7: PROPUESTA ECONÓMICA
C8: [La Entidad puede utilizar este Formulario de presentación de Propuesta Económica de forma detallada, sin perjuicio que la Entidad pueda modificarlo o establecer la presentación de la oferta económica con un Formulario distinto al indicado.] [Los Proponentes emplearán el Formulario establecido por la Entidad para determinar su propuesta económica conforme al Formulario 1 - Presupuesto Oficial publicado por la Entidad] [En caso de modificar el formulario, es importante tener en cuenta que no se deben incluir causales de rechazo, reglas o parámetros contrarios a los definidos en el documento base. Los términos el proceso solo se encuentran en el Documento Base, por lo que la Entidad no deberá incluir ningún tipo de notas que se configuren en reglas contrarias a las definidas en dicho documento, las notas únicamente pueden ser aclaratorias para efectos del diligenciamiento del formato]
C10: Cuando el Proceso de Contratación es estructurado por Precios Unitarios, la Entidad debe aplicar las notas 1, 2 y 3 del presente formato y las casillas de "Descripción", "Porcentaje" de la Administración, Imprevisto, Utilidad y total A.I.U. resaltadas en color amarillo.
C12: Nº | D12: ÍTEM DE PAGO | E12: ESPECIFICACIONES | G12: DESCRIPCIÓN | H12: UND | I12: CANTIDAD | J12: VALOR UNITARIO | K12: VALOR TOTAL | N12: VALOR UNITARIO CON AIU O CON IVA | O12: VALOR UNITARIO CON AIU O CON IVA (CORREGIDO) | P12: VALOR TOTAL | Q12: VALOR TOTAL (CORREGIDO) | R12: VERIFICACIÓN
E13: GENERAL | F13: ICCU
C14: CONSTRUCCIÓN DE LA AMPLIACIÓN DEL CENTRO DEL ADULTO MAYOR DEL MUNICIPIO DE MOSQUERA, CUNDINAMARCA
C15: 1- PRELIMINARES, DEMOLICIONES Y DESMONTE
C16: 1.01 | D16: =IFERROR(VLOOKUP(G16,'LISTA ICCU 2026'!$D$6:$G$1065,4,FALSE),"APU - "&INT(C16)&"."&TEXT(ROUND((C16-INT(C16))*100,0),"00")) -> 1,1 - C | E16: =C16 -> 1.01 | F16: =IF(D16="APU - "&INT(C16)&"."&TEXT(ROUND((C16-INT(C16))*100,0),"00"),"N/A",IFERROR(VLOOKUP(G16,'LISTA ICCU 2026'!$D$6:$G$1065,4,FALSE),"N/A")) -> 1,1 - C | G16: CAMPAMENTO 18M2 EN TABLA, TEJA DE ETERNIT, INC. TRANS, MATERIALES | H16: =IFERROR(VLOOKUP(G16,'LISTA ICCU 2026'!$D$6:$H$1065,2,FALSE),"NO ") -> UN | I16: 1 | J16: =ROUNDUP(IFERROR(VLOOKUP(G16,'LISTA ICCU 2026'!$D$6:$H$1065,3,FALSE),"NO ")*1.3,0) -> 4188197 | K16: =J16*I16 -> 4188197 | O16: =+ROUND(N16,2) -> 0 | P16: =+N16*I16 -> 0 | Q16: =ROUND(O16*I16,2) -> 0 | R16: =IF(OR(O16<=0,O16>J16,Q16<=0,Q16>K16,$R$777="NO CUMPLE"),"NO CUMPLE","CUMPLE") -> NO CUMPLE
C17: =C16+0.01 -> 1.02 | D17: =IFERROR(VLOOKUP(G17,'LISTA ICCU 2026'!$D$6:$G$1065,4,FALSE),"APU - "&INT(C17)&"."&TEXT(ROUND((C17-INT(C17))*100,0),"00")) -> 1,8 - C | E17: =C17 -> 1.02 | F17: =IF(D17="APU - "&INT(C17)&"."&TEXT(ROUND((C17-INT(C17))*100,0),"00"),"N/A",IFERROR(VLOOKUP(G17,'LISTA ICCU 2026'!$D$6:$G$1065,4,FALSE),"N/A")) -> 1,8 - C | G17: CERCA EN TELA VERDE H = 2.10 M | H17: =IFERROR(VLOOKUP(G17,'LISTA ICCU 2026'!$D$6:$H$1065,2,FALSE),"NO ") -> ML | I17: 145.98 | J17: =ROUNDUP(IFERROR(VLOOKUP(G17,'LISTA ICCU 2026'!$D$6:$H$1065,3,FALSE),"NO ")*1.3,0) -> 44867 | K17: =J17*I17 -> 6549684.7 | O17: =+ROUND(N17,2) -> 0 | P17: =+N17*I17 -> 0 | Q17: =ROUND(O17*I17,2) -> 0 | R17: =IF(OR(O17<=0,O17>J17,Q17<=0,Q17>K17,$R$777="NO CUMPLE"),"NO CUMPLE","CUMPLE") -> NO CUMPLE
C18: =C17+0.01 -> 1.03 | D18: =IFERROR(VLOOKUP(G18,'LISTA ICCU 2026'!$D$6:$G$1065,4,FALSE),"APU - "&INT(C18)&"."&TEXT(ROUND((C18-INT(C18))*100,0),"00")) -> 1,31 - C | E18: =C18 -> 1.03 | F18: =IF(D18="APU - "&INT(C18)&"."&TEXT(ROUND((C18-INT(C18))*100,0),"00"),"N/A",IFERROR(VLOOKUP(G18,'LISTA ICCU 2026'!$D$6:$G$1065,4,FALSE),"N/A")) -> 1,31 - C | G18: DESCAPOTE MANUAL Y RETIRO E= 0.20 M APILE A 15 M | H18: =IFERROR(VLOOKUP(G18,'LISTA ICCU 2026'!$D$6:$H$1065,2,FALSE),"NO ") -> M2 | I18: 1190.55 | J18: =ROUNDUP(IFERROR(VLOOKUP(G18,'LISTA ICCU 2026'!$D$6:$H$1065,3,FALSE),"NO ")*1.3,0) -> 15407 | K18: =J18*I18 -> 18342804 | O18: =+ROUND(N18,2) -> 0 | P18: =+N18*I18 -> 0 | Q18: =ROUND(O18*I18,2) -> 0 | R18: =IF(OR(O18<=0,O18>J18,Q18<=0,Q18>K18,$R$777="NO CUMPLE"),"NO CUMPLE","CUMPLE") -> NO CUMPLE
C19: =C18+0.01 -> 1.04 | D19: =IFERROR(VLOOKUP(G19,'LISTA ICCU 2026'!$D$6:$G$1065,4,FALSE),"APU - "&INT(C19)&"."&TEXT(ROUND((C19-INT(C19))*100,0),"00")) -> 1,41 - C | E19: =C19 -> 1.04 | F19: =IF(D19="APU - "&INT(C19)&"."&TEXT(ROUND((C19-INT(C19))*100,0),"00"),"N/A",IFERROR(VLOOKUP(G19,'LISTA ICCU 2026'!$D$6:$G$1065,4,FALSE),"N/A")) -> 1,41 - C | G19: LOCALIZACIÓN Y REPLANTEO DE CIMIENTOS CON ELEMENTOS DE PRESICIÓN | H19: =IFERROR(VLOOKUP(G19,'LISTA ICCU 2026'!$D$6:$H$1065,2,FALSE),"NO ") -> M2 | I19: 789.89 | J19: =ROUNDUP(IFERROR(VLOOKUP(G19,'LISTA ICCU 2026'!$D$6:$H$1065,3,FALSE),"NO ")*1.3,0) -> 8660 | K19: =J19*I19 -> 6840447.4 | O19: =+ROUND(N19,2) -> 0 | P19: =+N19*I19 -> 0 | Q19: =ROUND(O19*I19,2) -> 0 | R19: =IF(OR(O19<=0,O19>J19,Q19<=0,Q19>K19,$R$777="NO CUMPLE"),"NO CUMPLE","CUMPLE") -> NO CUMPLE
C20: =C19+0.01 -> 1.05 | D20: =IFERROR(VLOOKUP(G20,'LISTA ICCU 2026'!$D$6:$G$1065,4,FALSE),"APU - "&INT(C20)&"."&TEXT(ROUND((C20-INT(C20))*100,0),"00")) -> 1,42 - C | E20: =C20 -> 1.05 | F20: =IF(D20="APU - "&INT(C20)&"."&TEXT(ROUND((C20-INT(C20))*100,0),"00"),"N/A",IFERROR(VLOOKUP(G20,'LISTA ICCU 2026'!$D$6:$G$1065,4,FALSE),"N/A")) -> 1,42 - C | G20: REPLANTEO MANUAL DE CIMIENTOS | H20: =IFERROR(VLOOKUP(G20,'LISTA ICCU 2026'!$D$6:$H$1065,2,FALSE),"NO ") -> M2 | I20: 789.89 | J20: =ROUNDUP(IFERROR(VLOOKUP(G20,'LISTA ICCU 2026'!$D$6:$H$1065,3,FALSE),"NO ")*1.3,0) -> 6404 | K20: =J20*I20 -> 5058455.6 | O20: =+ROUND(N20,2) -> 0 | P20: =+N20*I20 -> 0 | Q20: =ROUND(O20*I20,2) -> 0 | R20: =IF(OR(O20<=0,O20>J20,Q20<=0,Q20>K20,$R$777="NO CUMPLE"),"NO CUMPLE","CUMPLE") -> NO CUMPLE
C21: =C20+0.01 -> 1.06 | D21: =IFERROR(VLOOKUP(G21,'LISTA ICCU 2026'!$D$6:$G$1065,4,FALSE),"APU - "&INT(C21)&"."&TEXT(ROUND((C21-INT(C21))*100,0),"00")) -> 1,43 - C | E21: =C21 -> 1.06 | F21: =IF(D21="APU - "&INT(C21)&"."&TEXT(ROUND((C21-INT(C21))*100,0),"00"),"N/A",IFERROR(VLOOKUP(G21,'LISTA ICCU 2026'!$D$6:$G$1065,4,FALSE),"N/A")) -> 1,43 - C | G21: RED ELÉCTRICA PROVISIONAL L=50M | H21: =IFERROR(VLOOKUP(G21,'LISTA ICCU 2026'!$D$6:$H$1065,2,FALSE),"NO ") -> UN | I21: 1 | J21: =ROUNDUP(IFERROR(VLOOKUP(G21,'LISTA ICCU 2026'!$D$6:$H$1065,3,FALSE),"NO ")*1.3,0) -> 5555043 | K21: =J21*I21 -> 5555043 | O21: =+ROUND(N21,2) -> 0 | P21: =+N21*I21 -> 0 | Q21: =ROUND(O21*I21,2) -> 0 | R21: =IF(OR(O21<=0,O21>J21,Q21<=0,Q21>K21,$R$777="NO CUMPLE"),"NO CUMPLE","CUMPLE") -> NO CUMPLE
C22: =C21+0.01 -> 1.07 | D22: =IFERROR(VLOOKUP(G22,'LISTA ICCU 2026'!$D$6:$G$1065,4,FALSE),"APU - "&INT(C22)&"."&TEXT(ROUND((C22-INT(C22))*100,0),"00")) -> 11,1 - C | E22: =C22 -> 1.07 | F22: =IF(D22="APU - "&INT(C22)&"."&TEXT(ROUND((C22-INT(C22))*100,0),"00"),"N/A",IFERROR(VLOOKUP(G22,'LISTA ICCU 2026'!$D$6:$G$1065,4,FALSE),"N/A")) -> 11,1 - C | G22: ACOMETIDA EN PVC 1/2" 5M. INC CHEQUE , REGISTRO, ACCESORIOS | H22: =IFERROR(VLOOKUP(G22,'LISTA ICCU 2026'!$D$6:$H$1065,2,FALSE),"NO ") -> UN | I22: 1 | J22: =ROUNDUP(IFERROR(VLOOKUP(G22,'LISTA ICCU 2026'!$D$6:$H$1065,3,FALSE),"NO ")*1.3,0) -> 494247 | K22: =J22*I22 -> 494247 | O22: =+ROUND(N22,2) -> 0 | P22: =+N22*I22 -> 0 | Q22: =ROUND(O22*I22,2) -> 0 | R22: =IF(OR(O22<=0,O22>J22,Q22<=0,Q22>K22,$R$777="NO CUMPLE"),"NO CUMPLE","CUMPLE") -> NO CUMPLE
K23: =SUM(K16:K22) -> 47028878 | Q23: =+SUM(Q16:Q22) -> 0
C24: 2- EXCAVACIONES Y RELLENOS
C25: 2.01 | D25: =IFERROR(VLOOKUP(G25,'LISTA ICCU 2026'!$D$6:$G$1065,4,FALSE),"APU - "&INT(C25)&"."&TEXT(ROUND((C25-INT(C25))*100,0),"00")) -> 16,2 - C | E25: =C25 -> 2.01 | F25: =IF(D25="APU - "&INT(C25)&"."&TEXT(ROUND((C25-INT(C25))*100,0),"00"),"N/A",IFERROR(VLOOKUP(G25,'LISTA ICCU 2026'!$D$6:$G$1065,4,FALSE),"N/A")) -> 16,2 - C | G25: EXCAVACIONES VARIAS A MÁQUINA SIN CLASIFICAR (INCLUYE RETIRO DE SOBRANTES A UNA DISTANCIA MENOR DE 5 KM) | H25: =IFERROR(VLOOKUP(G25,'LISTA ICCU 2026'!$D$6:$H$1065,2,FALSE),"NO ") -> M3 | I25: 631.92 | J25: =ROUNDUP(IFERROR(VLOOKUP(G25,'LISTA ICCU 2026'!$D$6:$H$1065,3,FALSE),"NO ")*1.3,0) -> 28465 | K25: =J25*I25 -> 17987603 | O25: =+ROUND(N25,2) -> 0 | P25: =+N25*I25 -> 0 | Q25: =ROUND(O25*I25,2) -> 0 | R25: =IF(OR(O25<=0,O25>J25,Q25<=0,Q25>K25,$R$777="NO CUMPLE"),"NO CUMPLE","CUMPLE") -> NO CUMPLE
C26: =C25+0.01 -> 2.02 | D26: =IFERROR(VLOOKUP(G26,'LISTA ICCU 2026'!$D$6:$G$1065,4,FALSE),"APU - "&INT(C26)&"."&TEXT(ROUND((C26-INT(C26))*100,0),"00")) -> 16,5 - C | E26: =C26 -> 2.02 | F26: =IF(D26="APU - "&INT(C26)&"."&TEXT(ROUND((C26-INT(C26))*100,0),"00"),"N/A",IFERROR(VLOOKUP(G26,'LISTA ICCU 2026'!$D$6:$G$1065,4,FALSE),"N/A")) -> 16,5 - C | G26: EXCAVACIÓN MANUAL EN CONGLOMERADO H=0.0-2.0 M (INCLUYE RETIRO DE SOBRANTES A UNA DISTANCIA MENOR DE 5 KM) | H26: =IFERROR(VLOOKUP(G26,'LISTA ICCU 2026'!$D$6:$H$1065,2,FALSE),"NO ") -> M3 | I26: 136.73 | J26: =ROUNDUP(IFERROR(VLOOKUP(G26,'LISTA ICCU 2026'!$D$6:$H$1065,3,FALSE),"NO ")*1.3,0) -> 105882 | K26: =J26*I26 -> 14477246 | O26: =+ROUND(N26,2) -> 0 | P26: =+N26*I26 -> 0 | Q26: =ROUND(O26*I26,2) -> 0 | R26: =IF(OR(O26<=0,O26>J26,Q26<=0,Q26>K26,$R$777="NO CUMPLE"),"NO CUMPLE","CUMPLE") -> NO CUMPLE
C27: =C26+0.01 -> 2.03 | D27: =IFERROR(VLOOKUP(G27,'LISTA ICCU 2026'!$D$6:$G$1065,4,FALSE),"APU - "&INT(C27)&"."&TEXT(ROUND((C27-INT(C27))*100,0),"00")) -> 16,8 - C | E27: =C27 -> 2.03 | F27: =IF(D27="APU - "&INT(C27)&"."&TEXT(ROUND((C27-INT(C27))*100,0),"00"),"N/A",IFERROR(VLOOKUP(G27,'LISTA ICCU 2026'!$D$6:$G$1065,4,FALSE),"N/A")) -> 16,8 - C | G27: RELLENO EN RECEBO COMÚN COMPACTADO MECÁNICAMENTE | H27: =IFERROR(VLOOKUP(G27,'LISTA ICCU 2026'!$D$6:$H$1065,2,FALSE),"NO ") -> M3 | I27: 159.22 | J27: =ROUNDUP(IFERROR(VLOOKUP(G27,'LISTA ICCU 2026'!$D$6:$H$1065,3,FALSE),"NO ")*1.3,0) -> 123844 | K27: =J27*I27 -> 19718442 | O27: =+ROUND(N27,2) -> 0 | P27: =+N27*I27 -> 0 | Q27: =ROUND(O27*I27,2) -> 0 | R27: =IF(OR(O27<=0,O27>J27,Q27<=0,Q27>K27,$R$777="NO CUMPLE"),"NO CUMPLE","CUMPLE") -> NO CUMPLE
C28: =C27+0.01 -> 2.04 | D28: =IFERROR(VLOOKUP(G28,'LISTA ICCU 2026'!$D$6:$G$1065,4,FALSE),"APU - "&INT(C28)&"."&TEXT(ROUND((C28-INT(C28))*100,0),"00")) -> 1,6 - V | E28: =C28 -> 2.04 | F28: =IF(D28="APU - "&INT(C28)&"."&TEXT(ROUND((C28-INT(C28))*100,0),"00"),"N/A",IFERROR(VLOOKUP(G28,'LISTA ICCU 2026'!$D$6:$G$1065,4,FALSE),"N/A")) -> 1,6 - V | G28: TRANSPORTE DE MATERIALES PROV. DE EXPLANACIÓN, CANALES, PRESTAMOS, SOBREACARREOS Y DERRUMBES | H28: =IFERROR(VLOOKUP(G28,'LISTA ICCU 2026'!$D$6:$H$1065,2,FALSE),"NO ") -> M3-KM | I28: 7686.48 | J28: =ROUNDUP(IFERROR(VLOOKUP(G28,'LISTA ICCU 2026'!$D$6:$H$1065,3,FALSE),"NO ")*1.3,0) -> 2370 | K28: =J28*I28 -> 18216958 | O28: =+ROUND(N28,2) -> 0 | P28: =+N28*I28 -> 0 | Q28: =ROUND(O28*I28,2) -> 0 | R28: =IF(OR(O28<=0,O28>J28,Q28<=0,Q28>K28,$R$777="NO CUMPLE"),"NO CUMPLE","CUMPLE") -> NO CUMPLE
C29: Subtotal | K29: =SUM(K25:K28) -> 70400248 | Q29: =+SUM(Q25:Q28) -> 0
C30: 3- CIMENTACIONES EN CONCRETO
C31: 3.01 | D31: =IFERROR(VLOOKUP(G31,'LISTA ICCU 2026'!$D$6:$G$1065,4,FALSE),"APU - "&INT(C31)&"."&TEXT(ROUND((C31-INT(C31))*100,0),"00")) -> 4,29 - C | E31: =C31 -> 3.01 | F31: =IF(D31="APU - "&INT(C31)&"."&TEXT(ROUND((C31-INT(C31))*100,0),"00"),"N/A",IFERROR(VLOOKUP(G31,'LISTA ICCU 2026'!$D$6:$G$1065,4,FALSE),"N/A")) -> 4,29 - C | G31: BASE EN CONCRETO POBRE 1500 PSI | H31: =IFERROR(VLOOKUP(G31,'LISTA ICCU 2026'!$D$6:$H$1065,2,FALSE),"NO ") -> M3 | I31: 12.87 | J31: =ROUNDUP(IFERROR(VLOOKUP(G31,'LISTA ICCU 2026'!$D$6:$H$1065,3,FALSE),"NO ")*1.3,0) -> 671943 | K31: =J31*I31 -> 8647906.4 | O31: =+ROUND(N31,2) -> 0 | P31: =+N31*I31 -> 0 | Q31: =ROUND(O31*I31,2) -> 0 | R31: =IF(OR(O31<=0,O31>J31,Q31<=0,Q31>K31,$R$777="NO CUMPLE"),"NO CUMPLE","CUMPLE") -> NO CUMPLE
C32: =C31+0.01 -> 3.02 | D32: =IFERROR(VLOOKUP(G32,'LISTA ICCU 2026'!$D$6:$G$1065,4,FALSE),"APU - "&INT(C32)&"."&TEXT(ROUND((C32-INT(C32))*100,0),"00")) -> APU - 3.02 | E32: =C32 -> 3.02 | F32: =IF(D32="APU - "&INT(C32)&"."&TEXT(ROUND((C32-INT(C32))*100,0),"00"),"N/A",IFERROR(VLOOKUP(G32,'LISTA ICCU 2026'!$D$6:$G$1065,4,FALSE),"N/A")) -> N/A | G32: SUMINISTRO Y TENDIDA DE POLIETILENO NEGRO CALIBRE 7, INCLUYE CORTE, TRASLAPE, FIJACIÓN | H32: M2 | I32: 777.82 | J32: 13263 | K32: =J32*I32 -> 10316227 | O32: =+ROUND(N32,2) -> 0 | P32: =+N32*I32 -> 0 | Q32: =ROUND(O32*I32,2) -> 0 | R32: =IF(OR(O32<=0,O32>J32,Q32<=0,Q32>K32,$R$777="NO CUMPLE"),"NO CUMPLE","CUMPLE") -> NO CUMPLE
C33: =C32+0.01 -> 3.03 | D33: =IFERROR(VLOOKUP(G33,'LISTA ICCU 2026'!$D$6:$G$1065,4,FALSE),"APU - "&INT(C33)&"."&TEXT(ROUND((C33-INT(C33))*100,0),"00")) -> 2,7 - C | E33: =C33 -> 3.03 | F33: =IF(D33="APU - "&INT(C33)&"."&TEXT(ROUND((C33-INT(C33))*100,0),"00"),"N/A",IFERROR(VLOOKUP(G33,'LISTA ICCU 2026'!$D$6:$G$1065,4,FALSE),"N/A")) -> 2,7 - C | G33: VIGA DE AMARRE EN CONCRETO 3500 PSI | H33: =IFERROR(VLOOKUP(G33,'LISTA ICCU 2026'!$D$6:$H$1065,2,FALSE),"NO ") -> M3 | I33: 44.92 | J33: =ROUNDUP(IFERROR(VLOOKUP(G33,'LISTA ICCU 2026'!$D$6:$H$1065,3,FALSE),"NO ")*1.3,0) -> 1355488 | K33: =J33*I33 -> 60888521 | O33: =+ROUND(N33,2) -> 0 | P33: =+N33*I33 -> 0 | Q33: =ROUND(O33*I33,2) -> 0 | R33: =IF(OR(O33<=0,O33>J33,Q33<=0,Q33>K33,$R$777="NO CUMPLE"),"NO CUMPLE","CUMPLE") -> NO CUMPLE
C34: =C33+0.01 -> 3.04 | D34: =IFERROR(VLOOKUP(G34,'LISTA ICCU 2026'!$D$6:$G$1065,4,FALSE),"APU - "&INT(C34)&"."&TEXT(ROUND((C34-INT(C34))*100,0),"00")) -> 2,8 - C | E34: =C34 -> 3.04 | F34: =IF(D34="APU - "&INT(C34)&"."&TEXT(ROUND((C34-INT(C34))*100,0),"00"),"N/A",IFERROR(VLOOKUP(G34,'LISTA ICCU 2026'!$D$6:$G$1065,4,FALSE),"N/A")) -> 2,8 - C | G34: ZAPATAS EN CONCRETO 3500 PSI | H34: =IFERROR(VLOOKUP(G34,'LISTA ICCU 2026'!$D$6:$H$1065,2,FALSE),"NO ") -> M3 | I34: 66.75 | J34: =ROUNDUP(IFERROR(VLOOKUP(G34,'LISTA ICCU 2026'!$D$6:$H$1065,3,FALSE),"NO ")*1.3,0) -> 1234681 | K34: =J34*I34 -> 82414957 | O34: =+ROUND(N34,2) -> 0 | P34: =+N34*I34 -> 0 | Q34: =ROUND(O34*I34,2) -> 0 | R34: =IF(OR(O34<=0,O34>J34,Q34<=0,Q34>K34,$R$777="NO CUMPLE"),"NO CUMPLE","CUMPLE") -> NO CUMPLE
C35: =C34+0.01 -> 3.05 | D35: =IFERROR(VLOOKUP(G35,'LISTA ICCU 2026'!$D$6:$G$1065,4,FALSE),"APU - "&INT(C35)&"."&TEXT(ROUND((C35-INT(C35))*100,0),"00")) -> 2,16 - C | E35: =C35 -> 3.05 | F35: =IF(D35="APU - "&INT(C35)&"."&TEXT(ROUND((C35-INT(C35))*100,0),"00"),"N/A",IFERROR(VLOOKUP(G35,'LISTA ICCU 2026'!$D$6:$G$1065,4,FALSE),"N/A")) -> 2,16 - C | G35: DADOS EN CONCRETO 3500PSI | H35: =IFERROR(VLOOKUP(G35,'LISTA ICCU 2026'!$D$6:$H$1065,2,FALSE),"NO ") -> M3 | I35: 5.5 | J35: =ROUNDUP(IFERROR(VLOOKUP(G35,'LISTA ICCU 2026'!$D$6:$H$1065,3,FALSE),"NO ")*1.3,0) -> 1234681 | K35: =J35*I35 -> 6790745.5 | O35: =+ROUND(N35,2) -> 0 | P35: =+N35*I35 -> 0 | Q35: =ROUND(O35*I35,2) -> 0 | R35: =IF(OR(O35<=0,O35>J35,Q35<=0,Q35>K35,$R$777="NO CUMPLE"),"NO CUMPLE","CUMPLE") -> NO CUMPLE
C36: =C35+0.01 -> 3.06 | D36: =IFERROR(VLOOKUP(G36,'LISTA ICCU 2026'!$D$6:$G$1065,4,FALSE),"APU - "&INT(C36)&"."&TEXT(ROUND((C36-INT(C36))*100,0),"00")) -> 4,22 - C | E36: =C36 -> 3.06 | F36: =IF(D36="APU - "&INT(C36)&"."&TEXT(ROUND((C36-INT(C36))*100,0),"00"),"N/A",IFERROR(VLOOKUP(G36,'LISTA ICCU 2026'!$D$6:$G$1065,4,FALSE),"N/A")) -> 4,22 - C | G36: ACERO FIGURADO 60000 PSI | H36: =IFERROR(VLOOKUP(G36,'LISTA ICCU 2026'!$D$6:$H$1065,2,FALSE),"NO ") -> KG | I36: 13312.29 | J36: =ROUNDUP(IFERROR(VLOOKUP(G36,'LISTA ICCU 2026'!$D$6:$H$1065,3,FALSE),"NO ")*1.3,0) -> 10989 | K36: =J36*I36 -> 1.4628875e+08 | O36: =+ROUND(N36,2) -> 0 | P36: =+N36*I36 -> 0 | Q36: =ROUND(O36*I36,2) -> 0 | R36: =IF(OR(O36<=0,O36>J36,Q36<=0,Q36>K36,$R$777="NO CUMPLE"),"NO CUMPLE","CUMPLE") -> NO CUMPLE
C37: =C36+0.01 -> 3.07 | D37: =IFERROR(VLOOKUP(G37,'LISTA ICCU 2026'!$D$6:$G$1065,4,FALSE),"APU - "&INT(C37)&"."&TEXT(ROUND((C37-INT(C37))*100,0),"00")) -> 4,23 - C | E37: =C37 -> 3.07 | F37: =IF(D37="APU - "&INT(C37)&"."&TEXT(ROUND((C37-INT(C37))*100,0),"00"),"N/A",IFERROR(VLOOKUP(G37,'LISTA ICCU 2026'!$D$6:$G$1065,4,FALSE),"N/A")) -> 4,23 - C | G37: REFUERZO MALLA ELECTROSOLDADA | H37: =IFERROR(VLOOKUP(G37,'LISTA ICCU 2026'!$D$6:$H$1065,2,FALSE),"NO ") -> KG | I37: 3002.39 | J37: =ROUNDUP(IFERROR(VLOOKUP(G37,'LISTA ICCU 2026'!$D$6:$H$1065,3,FALSE),"NO ")*1.3,0) -> 14412 | K37: =J37*I37 -> 43270445 | O37: =+ROUND(N37,2) -> 0 | P37: =+N37*I37 -> 0 | Q37: =ROUND(O37*I37,2) -> 0 | R37: =IF(OR(O37<=0,O37>J37,Q37<=0,Q37>K37,$R$777="NO CUMPLE"),"NO CUMPLE","CUMPLE") -> NO CUMPLE
C38: =C37+0.01 -> 3.08 | D38: =IFERROR(VLOOKUP(G38,'LISTA ICCU 2026'!$D$6:$G$1065,4,FALSE),"APU - "&INT(C38)&"."&TEXT(ROUND((C38-INT(C38))*100,0),"00")) -> 13,14 - C | E38: =C38 -> 3.08 | F38: =IF(D38="APU - "&INT(C38)&"."&TEXT(ROUND((C38-INT(C38))*100,0),"00"),"N/A",IFERROR(VLOOKUP(G38,'LISTA ICCU 2026'!$D$6:$G$1065,4,FALSE),"N/A")) -> 13,14 - C | G38: PLACA BASE CONCRETO 0.15 2500 PSI | H38: =IFERROR(VLOOKUP(G38,'LISTA ICCU 2026'!$D$6:$H$1065,2,FALSE),"NO ") -> M2 | I38: 777.82 | J38: =ROUNDUP(IFERROR(VLOOKUP(G38,'LISTA ICCU 2026'!$D$6:$H$1065,3,FALSE),"NO ")*1.3,0) -> 149412 | K38: =J38*I38 -> 1.1621564e+08 | O38: =+ROUND(N38,2) -> 0 | P38: =+N38*I38 -> 0 | Q38: =ROUND(O38*I38,2) -> 0 | R38: =IF(OR(O38<=0,O38>J38,Q38<=0,Q38>K38,$R$777="NO CUMPLE"),"NO CUMPLE","CUMPLE") -> NO CUMPLE
C39: =C38+0.01 -> 3.09 | D39: =IFERROR(VLOOKUP(G39,'LISTA ICCU 2026'!$D$6:$G$1065,4,FALSE),"APU - "&INT(C39)&"."&TEXT(ROUND((C39-INT(C39))*100,0),"00")) -> APU - 3.09 | E39: =C39 -> 3.09 | F39: =IF(D39="APU - "&INT(C39)&"."&TEXT(ROUND((C39-INT(C39))*100,0),"00"),"N/A",IFERROR(VLOOKUP(G39,'LISTA ICCU 2026'!$D$6:$G$1065,4,FALSE),"N/A")) -> N/A | G39: TANQUE EN CONCRETO 4000PSI | H39: M3 | I39: 20.53 | J39: 1829832 | K39: =J39*I39 -> 37566451 | O39: =+ROUND(N39,2) -> 0 | P39: =+N39*I39 -> 0 | Q39: =ROUND(O39*I39,2) -> 0 | R39: =IF(OR(O39<=0,O39>J39,Q39<=0,Q39>K39,$R$777="NO CUMPLE"),"NO CUMPLE","CUMPLE") -> NO CUMPLE
C40: =C39+0.01 -> 3.1 | D40: =IFERROR(VLOOKUP(G40,'LISTA ICCU 2026'!$D$6:$G$1065,4,FALSE),"APU - "&INT(C40)&"."&TEXT(ROUND((C40-INT(C40))*100,0),"00")) -> APU - 3.10 | E40: =C40 -> 3.1 | F40: =IF(D40="APU - "&INT(C40)&"."&TEXT(ROUND((C40-INT(C40))*100,0),"00"),"N/A",IFERROR(VLOOKUP(G40,'LISTA ICCU 2026'!$D$6:$G$1065,4,FALSE),"N/A")) -> N/A | G40: BOMBEO DE CONCRETO PREMEZCLADO | H40: M3 | I40: 267.24 | J40: 88813 | K40: =J40*I40 -> 23734386 | O40: =+ROUND(N40,2) -> 0 | P40: =+N40*I40 -> 0 | Q40: =ROUND(O40*I40,2) -> 0 | R40: =IF(OR(O40<=0,O40>J40,Q40<=0,Q40>K40,$R$777="NO CUMPLE"),"NO CUMPLE","CUMPLE") -> NO CUMPLE
C41: Subtotal | K41: =SUM(K31:K40) -> 5.3613403e+08 | Q41: =+SUM(Q31:Q40) -> 0
C42: 4- ESTRUCTURA
C43: 4.01 | D43: =IFERROR(VLOOKUP(G43,'LISTA ICCU 2026'!$D$6:$G$1065,4,FALSE),"APU - "&INT(C43)&"."&TEXT(ROUND((C43-INT(C43))*100,0),"00")) -> 4,3 - C | E43: =C43 -> 4.01 | F43: =IF(D43="APU - "&INT(C43)&"."&TEXT(ROUND((C43-INT(C43))*100,0),"00"),"N/A",IFERROR(VLOOKUP(G43,'LISTA ICCU 2026'!$D$6:$G$1065,4,FALSE),"N/A")) -> 4,3 - C | G43: COLUMNAS 3500 PSI | H43: =IFERROR(VLOOKUP(G43,'LISTA ICCU 2026'!$D$6:$H$1065,2,FALSE),"NO ") -> M3 | I43: 18.89 | J43: =ROUNDUP(IFERROR(VLOOKUP(G43,'LISTA ICCU 2026'!$D$6:$H$1065,3,FALSE),"NO ")*1.3,0) -> 1663291 | K43: =J43*I43 -> 31419567 | O43: =+ROUND(N43,2) -> 0 | P43: =+N43*I43 -> 0 | Q43: =ROUND(O43*I43,2) -> 0 | R43: =IF(OR(O43<=0,O43>J43,Q43<=0,Q43>K43,$R$777="NO CUMPLE"),"NO CUMPLE","CUMPLE") -> NO CUMPLE
C44: =C43+0.01 -> 4.02 | D44: =IFERROR(VLOOKUP(G44,'LISTA ICCU 2026'!$D$6:$G$1065,4,FALSE),"APU - "&INT(C44)&"."&TEXT(ROUND((C44-INT(C44))*100,0),"00")) -> APU - 4.02 | E44: =C44 -> 4.02 | F44: =IF(D44="APU - "&INT(C44)&"."&TEXT(ROUND((C44-INT(C44))*100,0),"00"),"N/A",IFERROR(VLOOKUP(G44,'LISTA ICCU 2026'!$D$6:$G$1065,4,FALSE),"N/A")) -> N/A | G44: MURO PANTALLA EN CONCRETO 3500 PSI E= 15CM | H44: M3 | I44: 15.12 | J44: 1573241 | K44: =J44*I44 -> 23787404 | O44: =+ROUND(N44,2) -> 0 | P44: =+N44*I44 -> 0 | Q44: =ROUND(O44*I44,2) -> 0 | R44: =IF(OR(O44<=0,O44>J44,Q44<=0,Q44>K44,$R$777="NO CUMPLE"),"NO CUMPLE","CUMPLE") -> NO CUMPLE
C45: =C44+0.01 -> 4.03 | D45: =IFERROR(VLOOKUP(G45,'LISTA ICCU 2026'!$D$6:$G$1065,4,FALSE),"APU - "&INT(C45)&"."&TEXT(ROUND((C45-INT(C45))*100,0),"00")) -> 4,27 - C | E45: =C45 -> 4.03 | F45: =IF(D45="APU - "&INT(C45)&"."&TEXT(ROUND((C45-INT(C45))*100,0),"00"),"N/A",IFERROR(VLOOKUP(G45,'LISTA ICCU 2026'!$D$6:$G$1065,4,FALSE),"N/A")) -> 4,27 - C | G45: VIGA CINTA 3500 PSI | H45: =IFERROR(VLOOKUP(G45,'LISTA ICCU 2026'!$D$6:$H$1065,2,FALSE),"NO ") -> M3 | I45: 48.28 | J45: =ROUNDUP(IFERROR(VLOOKUP(G45,'LISTA ICCU 2026'!$D$6:$H$1065,3,FALSE),"NO ")*1.3,0) -> 1748130 | K45: =J45*I45 -> 84399716 | O45: =+ROUND(N45,2) -> 0 | P45: =+N45*I45 -> 0 | Q45: =ROUND(O45*I45,2) -> 0 | R45: =IF(OR(O45<=0,O45>J45,Q45<=0,Q45>K45,$R$777="NO CUMPLE"),"NO CUMPLE","CUMPLE") -> NO CUMPLE
C46: =C45+0.01 -> 4.04 | D46: =IFERROR(VLOOKUP(G46,'LISTA ICCU 2026'!$D$6:$G$1065,4,FALSE),"APU - "&INT(C46)&"."&TEXT(ROUND((C46-INT(C46))*100,0),"00")) -> 4,22 - C | E46: =C46 -> 4.04 | F46: =IF(D46="APU - "&INT(C46)&"."&TEXT(ROUND((C46-INT(C46))*100,0),"00"),"N/A",IFERROR(VLOOKUP(G46,'LISTA ICCU 2026'!$D$6:$G$1065,4,FALSE),"N/A")) -> 4,22 - C | G46: ACERO FIGURADO 60000 PSI | H46: =IFERROR(VLOOKUP(G46,'LISTA ICCU 2026'!$D$6:$H$1065,2,FALSE),"NO ") -> KG | I46: 12917.17 | J46: =ROUNDUP(IFERROR(VLOOKUP(G46,'LISTA ICCU 2026'!$D$6:$H$1065,3,FALSE),"NO ")*1.3,0) -> 10989 | K46: =J46*I46 -> 1.4194678e+08 | O46: =+ROUND(N46,2) -> 0 | P46: =+N46*I46 -> 0 | Q46: =ROUND(O46*I46,2) -> 0 | R46: =IF(OR(O46<=0,O46>J46,Q46<=0,Q46>K46,$R$777="NO CUMPLE"),"NO CUMPLE","CUMPLE") -> NO CUMPLE
C47: =C46+0.01 -> 4.05 | D47: =IFERROR(VLOOKUP(G47,'LISTA ICCU 2026'!$D$6:$G$1065,4,FALSE),"APU - "&INT(C47)&"."&TEXT(ROUND((C47-INT(C47))*100,0),"00")) -> 4,26 - C | E47: =C47 -> 4.05 | F47: =IF(D47="APU - "&INT(C47)&"."&TEXT(ROUND((C47-INT(C47))*100,0),"00"),"N/A",IFERROR(VLOOKUP(G47,'LISTA ICCU 2026'!$D$6:$G$1065,4,FALSE),"N/A")) -> 4,26 - C | G47: VIGA AÉREA 3500 PSI | H47: =IFERROR(VLOOKUP(G47,'LISTA ICCU 2026'!$D$6:$H$1065,2,FALSE),"NO ") -> M3 | I47: 7.64 | J47: =ROUNDUP(IFERROR(VLOOKUP(G47,'LISTA ICCU 2026'!$D$6:$H$1065,3,FALSE),"NO ")*1.3,0) -> 1650656 | K47: =J47*I47 -> 12611012 | O47: =+ROUND(N47,2) -> 0 | P47: =+N47*I47 -> 0 | Q47: =ROUND(O47*I47,2) -> 0 | R47: =IF(OR(O47<=0,O47>J47,Q47<=0,Q47>K47,$R$777="NO CUMPLE"),"NO CUMPLE","CUMPLE") -> NO CUMPLE
C48: =C47+0.01 -> 4.06 | D48: =IFERROR(VLOOKUP(G48,'LISTA ICCU 2026'!$D$6:$G$1065,4,FALSE),"APU - "&INT(C48)&"."&TEXT(ROUND((C48-INT(C48))*100,0),"00")) -> 4,28 - C | E48: =C48 -> 4.06 | F48: =IF(D48="APU - "&INT(C48)&"."&TEXT(ROUND((C48-INT(C48))*100,0),"00"),"N/A",IFERROR(VLOOKUP(G48,'LISTA ICCU 2026'!$D$6:$G$1065,4,FALSE),"N/A")) -> 4,28 - C | G48: VIGA CANAL EN CONCRETO 3500 PSI | H48: =IFERROR(VLOOKUP(G48,'LISTA ICCU 2026'!$D$6:$H$1065,2,FALSE),"NO ") -> M3 | I48: 31.2 | J48: =ROUNDUP(IFERROR(VLOOKUP(G48,'LISTA ICCU 2026'!$D$6:$H$1065,3,FALSE),"NO ")*1.3,0) -> 1896938 | K48: =J48*I48 -> 59184466 | O48: =+ROUND(N48,2) -> 0 | P48: =+N48*I48 -> 0 | Q48: =ROUND(O48*I48,2) -> 0 | R48: =IF(OR(O48<=0,O48>J48,Q48<=0,Q48>K48,$R$777="NO CUMPLE"),"NO CUMPLE","CUMPLE") -> NO CUMPLE
C49: =C48+0.01 -> 4.07 | D49: =IFERROR(VLOOKUP(G49,'LISTA ICCU 2026'!$D$6:$G$1065,4,FALSE),"APU - "&INT(C49)&"."&TEXT(ROUND((C49-INT(C49))*100,0),"00")) -> 4,16 - C | E49: =C49 -> 4.07 | F49: =IF(D49="APU - "&INT(C49)&"."&TEXT(ROUND((C49-INT(C49))*100,0),"00"),"N/A",IFERROR(VLOOKUP(G49,'LISTA ICCU 2026'!$D$6:$G$1065,4,FALSE),"N/A")) -> 4,16 - C | G49: ENTREPISO PLACA MACIZA 3500 PSI E=0.12 M | H49: =IFERROR(VLOOKUP(G49,'LISTA ICCU 2026'!$D$6:$H$1065,2,FALSE),"NO ") -> M2 | I49: 53.2 | J49: =ROUNDUP(IFERROR(VLOOKUP(G49,'LISTA ICCU 2026'!$D$6:$H$1065,3,FALSE),"NO ")*1.3,0) -> 174553 | K49: =J49*I49 -> 9286219.6 | O49: =+ROUND(N49,2) -> 0 | P49: =+N49*I49 -> 0 | Q49: =ROUND(O49*I49,2) -> 0 | R49: =IF(OR(O49<=0,O49>J49,Q49<=0,Q49>K49,$R$777="NO CUMPLE"),"NO CUMPLE","CUMPLE") -> NO CUMPLE
C50: =C49+0.01 -> 4.08 | D50: =IFERROR(VLOOKUP(G50,'LISTA ICCU 2026'!$D$6:$G$1065,4,FALSE),"APU - "&INT(C50)&"."&TEXT(ROUND((C50-INT(C50))*100,0),"00")) -> APU - 4.08 | E50: =C50 -> 4.08 | F50: =IF(D50="APU - "&INT(C50)&"."&TEXT(ROUND((C50-INT(C50))*100,0),"00"),"N/A",IFERROR(VLOOKUP(G50,'LISTA ICCU 2026'!$D$6:$G$1065,4,FALSE),"N/A")) -> N/A | G50: CUBIERTAS PLACA MACIZA 3500 PSI E=0.15 M | H50: M2 | I50: 210.79 | J50: 200983 | K50: =J50*I50 -> 42365207 | O50: =+ROUND(N50,2) -> 0 | P50: =+N50*I50 -> 0 | Q50: =ROUND(O50*I50,2) -> 0 | R50: =IF(OR(O50<=0,O50>J50,Q50<=0,Q50>K50,$R$777="NO CUMPLE"),"NO CUMPLE","CUMPLE") -> NO CUMPLE
C51: =C50+0.01 -> 4.09 | D51: =IFERROR(VLOOKUP(G51,'LISTA ICCU 2026'!$D$6:$G$1065,4,FALSE),"APU - "&INT(C51)&"."&TEXT(ROUND((C51-INT(C51))*100,0),"00")) -> 4,23 - C | E51: =C51 -> 4.09 | F51: =IF(D51="APU - "&INT(C51)&"."&TEXT(ROUND((C51-INT(C51))*100,0),"00"),"N/A",IFERROR(VLOOKUP(G51,'LISTA ICCU 2026'!$D$6:$G$1065,4,FALSE),"N/A")) -> 4,23 - C | G51: REFUERZO MALLA ELECTROSOLDADA | H51: =IFERROR(VLOOKUP(G51,'LISTA ICCU 2026'!$D$6:$H$1065,2,FALSE),"NO ") -> KG | I51: 843.16 | J51: =ROUNDUP(IFERROR(VLOOKUP(G51,'LISTA ICCU 2026'!$D$6:$H$1065,3,FALSE),"NO ")*1.3,0) -> 14412 | K51: =J51*I51 -> 12151622 | O51: =+ROUND(N51,2) -> 0 | P51: =+N51*I51 -> 0 | Q51: =ROUND(O51*I51,2) -> 0 | R51: =IF(OR(O51<=0,O51>J51,Q51<=0,Q51>K51,$R$777="NO CUMPLE"),"NO CUMPLE","CUMPLE") -> NO CUMPLE
C52: =C51+0.01 -> 4.1 | D52: =IFERROR(VLOOKUP(G52,'LISTA ICCU 2026'!$D$6:$G$1065,4,FALSE),"APU - "&INT(C52)&"."&TEXT(ROUND((C52-INT(C52))*100,0),"00")) -> APU - 4.10 | E52: =C52 -> 4.1 | F52: =IF(D52="APU - "&INT(C52)&"."&TEXT(ROUND((C52-INT(C52))*100,0),"00"),"N/A",IFERROR(VLOOKUP(G52,'LISTA ICCU 2026'!$D$6:$G$1065,4,FALSE),"N/A")) -> N/A | G52: BOMBEO DE CONCRETO PREMEZCLADO | H52: M3 | I52: 152.75 | J52: 88813 | K52: =J52*I52 -> 13566186 | O52: =+ROUND(N52,2) -> 0 | P52: =+N52*I52 -> 0 | Q52: =ROUND(O52*I52,2) -> 0 | R52: =IF(OR(O52<=0,O52>J52,Q52<=0,Q52>K52,$R$777="NO CUMPLE"),"NO CUMPLE","CUMPLE") -> NO CUMPLE
C53: =C52+0.01 -> 4.11 | D53: =IFERROR(VLOOKUP(G53,'LISTA ICCU 2026'!$D$6:$G$1065,4,FALSE),"APU - "&INT(C53)&"."&TEXT(ROUND((C53-INT(C53))*100,0),"00")) -> 10,23 - C | E53: =C53 -> 4.11 | F53: =IF(D53="APU - "&INT(C53)&"."&TEXT(ROUND((C53-INT(C53))*100,0),"00"),"N/A",IFERROR(VLOOKUP(G53,'LISTA ICCU 2026'!$D$6:$G$1065,4,FALSE),"N/A")) -> 10,23 - C | G53: CELOSÍA ANGULAR PARA POLIDEPORTIVO ASTM-36, INCLUYE: SOLDADURA, CORREAS, COLUMNAS, VIGAS DE AMARR, TORNILLERÍA, ANTICORROSIVO Y ESMALTE . CONTEMPLA TAMBIÉN:FABRICACIÓN, SUMINISTRO Y MONTAJE. NO INCLUYE , CONTRAVIENTOS, TENSORES Y PLATINERÍA | H53: =IFERROR(VLOOKUP(G53,'LISTA ICCU 2026'!$D$6:$H$1065,2,FALSE),"NO ") -> KG | I53: 5713.33 | J53: =ROUNDUP(IFERROR(VLOOKUP(G53,'LISTA ICCU 2026'!$D$6:$H$1065,3,FALSE),"NO ")*1.3,0) -> 28051 | K53: =J53*I53 -> 1.6026462e+08 | O53: =+ROUND(N53,2) -> 0 | P53: =+N53*I53 -> 0 | Q53: =ROUND(O53*I53,2) -> 0 | R53: =IF(OR(O53<=0,O53>J53,Q53<=0,Q53>K53,$R$777="NO CUMPLE"),"NO CUMPLE","CUMPLE") -> NO CUMPLE
C54: Subtotal | K54: =SUM(K43:K53) -> 5.909828e+08 | Q54: =+SUM(Q43:Q53) -> 0
C55: 5- INSTALACIONES ELÉCTRICAS
C56: 5 | G56: EQUIPOS ELECTRICOS | K56: =J56*I56 -> 0
C57: 5.01 | D57: =IFERROR(VLOOKUP(G57,'LISTA ICCU 2026'!$D$6:$G$1065,4,FALSE),"APU - "&INT(C57)&"."&TEXT(ROUND((C57-INT(C57))*100,0),"00")) -> 12.105 - C | E57: =C57 -> 5.01 | F57: =IF(D57="APU - "&INT(C57)&"."&TEXT(ROUND((C57-INT(C57))*100,0),"00"),"N/A",IFERROR(VLOOKUP(G57,'LISTA ICCU 2026'!$D$6:$G$1065,4,FALSE),"N/A")) -> 12.105 - C | G57: PLANTA DE EMERGENCIA - 45kVA (Stand-by) - 208/120V - 60Hz - Cabinada | H57: UN | I57: 1 | J57: =ROUNDUP(IFERROR(VLOOKUP(G57,'LISTA ICCU 2026'!$D$6:$H$1065,3,FALSE),"NO ")*1.3,0) -> 65716872 | K57: =J57*I57 -> 65716872 | O57: =+ROUND(N57,2) -> 0 | P57: =+N57*I57 -> 0 | Q57: =ROUND(O57*I57,2) -> 0 | R57: =IF(OR(O57<=0,O57>J57,Q57<=0,Q57>K57,$R$777="NO CUMPLE"),"NO CUMPLE","CUMPLE") -> NO CUMPLE
C58: 5.1 | G58: CANALIZACIONES | K58: =J58*I58 -> 0
C59: 5.1.1 | D59: =IFERROR(VLOOKUP(G59,'LISTA ICCU 2026'!$D$6:$G$1065,4,FALSE),"APU - "&C59) -> 12,17 - C | E59: =C59 -> 5.1.1 | F59: =IF(D59="APU - "&C59,"N/A",IFERROR(VLOOKUP(G59,'LISTA ICCU 2026'!$D$6:$G$1065,4,FALSE),"APU - "&C59)) -> 12,17 - C | G59: TUBERÍA PVC CONDUIT 3/4". INC ACCESORIOS | H59: ML | I59: 395 | J59: =ROUNDUP(IFERROR(VLOOKUP(G59,'LISTA ICCU 2026'!$D$6:$H$1065,3,FALSE),"NO ")*1.3,0) -> 5143 | K59: =J59*I59 -> 2031485 | O59: =+ROUND(N59,2) -> 0 | P59: =+N59*I59 -> 0 | Q59: =ROUND(O59*I59,2) -> 0 | R59: =IF(OR(O59<=0,O59>J59,Q59<=0,Q59>K59,$R$777="NO CUMPLE"),"NO CUMPLE","CUMPLE") -> NO CUMPLE
C60: 5.1.2 | D60: =IFERROR(VLOOKUP(G60,'LISTA ICCU 2026'!$D$6:$G$1065,4,FALSE),"APU - "&C60) -> 21,14 - C | E60: =C60 -> 5.1.2 | F60: =IF(D60="APU - "&C60,"N/A",IFERROR(VLOOKUP(G60,'LISTA ICCU 2026'!$D$6:$G$1065,4,FALSE),"APU - "&C60)) -> 21,14 - C | G60: TUBERÍA CONDUIT EMT GALVANIZADA 3/4". INC ACCESORIOS | H60: ML | I60: 725 | J60: =ROUNDUP(IFERROR(VLOOKUP(G60,'LISTA ICCU 2026'!$D$6:$H$1065,3,FALSE),"NO ")*1.3,0) -> 24879 | K60: =J60*I60 -> 18037275 | O60: =+ROUND(N60,2) -> 0 | P60: =+N60*I60 -> 0 | Q60: =ROUND(O60*I60,2) -> 0 | R60: =IF(OR(O60<=0,O60>J60,Q60<=0,Q60>K60,$R$777="NO CUMPLE"),"NO CUMPLE","CUMPLE") -> NO CUMPLE
C61: 5.1.3 | D61: =IFERROR(VLOOKUP(G61,'LISTA ICCU 2026'!$D$6:$G$1065,4,FALSE),"APU - "&C61) -> 12,18 - C | E61: =C61 -> 5.1.3 | F61: =IF(D61="APU - "&C61,"N/A",IFERROR(VLOOKUP(G61,'LISTA ICCU 2026'!$D$6:$G$1065,4,FALSE),"APU - "&C61)) -> 12,18 - C | G61: TUBERÍA PVC CONDUIT 1". INC ACCESORIOS | H61: ML | I61: 170 | J61: =ROUNDUP(IFERROR(VLOOKUP(G61,'LISTA ICCU 2026'!$D$6:$H$1065,3,FALSE),"NO ")*1.3,0) -> 8769 | K61: =J61*I61 -> 1490730 | O61: =+ROUND(N61,2) -> 0 | P61: =+N61*I61 -> 0 | Q61: =ROUND(O61*I61,2) -> 0 | R61: =IF(OR(O61<=0,O61>J61,Q61<=0,Q61>K61,$R$777="NO CUMPLE"),"NO CUMPLE","CUMPLE") -> NO CUMPLE
C62: 5.1.4 | D62: =IFERROR(VLOOKUP(G62,'LISTA ICCU 2026'!$D$6:$G$1065,4,FALSE),"APU - "&C62) -> 21,15 - C | E62: =C62 -> 5.1.4 | F62: =IF(D62="APU - "&C62,"N/A",IFERROR(VLOOKUP(G62,'LISTA ICCU 2026'!$D$6:$G$1065,4,FALSE),"APU - "&C62)) -> 21,15 - C | G62: TUBERÍA CONDUIT EMT GALVANIZADA 1". INC ACCESORIOS | H62: ML | I62: 12 | J62: =ROUNDUP(IFERROR(VLOOKUP(G62,'LISTA ICCU 2026'!$D$6:$H$1065,3,FALSE),"NO ")*1.3,0) -> 35878 | K62: =J62*I62 -> 430536 | O62: =+ROUND(N62,2) -> 0 | P62: =+N62*I62 -> 0 | Q62: =ROUND(O62*I62,2) -> 0 | R62: =IF(OR(O62<=0,O62>J62,Q62<=0,Q62>K62,$R$777="NO CUMPLE"),"NO CUMPLE","CUMPLE") -> NO CUMPLE
C63: 5.1.5 | D63: =IFERROR(VLOOKUP(G63,'LISTA ICCU 2026'!$D$6:$G$1065,4,FALSE),"APU - "&C63) -> 12,57 - C | E63: =C63 -> 5.1.5 | F63: =IF(D63="APU - "&C63,"N/A",IFERROR(VLOOKUP(G63,'LISTA ICCU 2026'!$D$6:$G$1065,4,FALSE),"APU - "&C63)) -> 12,57 - C | G63: TUBERÍA PVC 2" - tipo DB (pesado) INC. ACCESORIOS | H63: ML | I63: 55 | J63: =ROUNDUP(IFERROR(VLOOKUP(G63,'LISTA ICCU 2026'!$D$6:$H$1065,3,FALSE),"NO ")*1.3,0) -> 12076 | K63: =J63*I63 -> 664180 | O63: =+ROUND(N63,2) -> 0 | P63: =+N63*I63 -> 0 | Q63: =ROUND(O63*I63,2) -> 0 | R63: =IF(OR(O63<=0,O63>J63,Q63<=0,Q63>K63,$R$777="NO CUMPLE"),"NO CUMPLE","CUMPLE") -> NO CUMPLE
C64: 5.1.6 | D64: =IFERROR(VLOOKUP(G64,'LISTA ICCU 2026'!$D$6:$G$1065,4,FALSE),"APU - "&C64) -> 12.149 - C | E64: =C64 -> 5.1.6 | F64: =IF(D64="APU - "&C64,"N/A",IFERROR(VLOOKUP(G64,'LISTA ICCU 2026'!$D$6:$G$1065,4,FALSE),"APU - "&C64)) -> 12.149 - C | G64: TUBERÍA IMC 2" INC. ACCESORIOS | H64: ML | I64: 12 | J64: =ROUNDUP(IFERROR(VLOOKUP(G64,'LISTA ICCU 2026'!$D$6:$H$1065,3,FALSE),"NO ")*1.3,0) -> 124889 | K64: =J64*I64 -> 1498668 | O64: =+ROUND(N64,2) -> 0 | P64: =+N64*I64 -> 0 | Q64: =ROUND(O64*I64,2) -> 0 | R64: =IF(OR(O64<=0,O64>J64,Q64<=0,Q64>K64,$R$777="NO CUMPLE"),"NO CUMPLE","CUMPLE") -> NO CUMPLE
C65: 5.1.7 | D65: =IFERROR(VLOOKUP(G65,'LISTA ICCU 2026'!$D$6:$G$1065,4,FALSE),"APU - "&C65) -> APU - 5.1.7 | E65: =C65 -> 5.1.7 | F65: =IF(D65="APU - "&C65,"N/A",IFERROR(VLOOKUP(G65,'LISTA ICCU 2026'!$D$6:$G$1065,4,FALSE),"APU - "&C65)) -> N/A | G65: SUMINISTRO E INSTALACION BANDEJA TIPO DUCTO CERRADO 200X100 INCLUYE SOPORTE TIPO PELDAÑO, SOPORTE OMEGA UNIVERSAL, TORNILLO DE FIJACIÓN DUCTO, PLATINA DE UNIÓN DUCTO FORMA EN C. PERNOS EXPANSIVOS, PERNOS DE OJO ABIERTO Y DEMÁS ACCESORIOS DE MONTAJE. | H65: ML | I65: 65 | J65: 153335 | K65: =J65*I65 -> 9966775 | O65: =+ROUND(N65,2) -> 0 | P65: =+N65*I65 -> 0 | Q65: =ROUND(O65*I65,2) -> 0 | R65: =IF(OR(O65<=0,O65>J65,Q65<=0,Q65>K65,$R$777="NO CUMPLE"),"NO CUMPLE","CUMPLE") -> NO CUMPLE
C66: 5.1.8 | D66: =IFERROR(VLOOKUP(G66,'LISTA ICCU 2026'!$D$6:$G$1065,4,FALSE),"APU - "&C66) -> APU - 5.1.8 | E66: =C66 -> 5.1.8 | F66: =IF(D66="APU - "&C66,"N/A",IFERROR(VLOOKUP(G66,'LISTA ICCU 2026'!$D$6:$G$1065,4,FALSE),"APU - "&C66)) -> N/A | G66: SUMINISTRO E INSTALACION BANDEJA TIPO MALLA 200X100 INCLUYE SOPORTE TIPO PELDAÑO, SOPORTE OMEGA UNIVERSAL, TORNILLO DE FIJACIÓN DUCTO, PLATINA DE UNIÓN DUCTO FORMA EN C. PERNOS EXPANSIVOS, PERNOS DE OJO ABIERTO Y DEMÁS ACCESORIOS DE MONTAJE. | H66: ML | I66: 65 | J66: 138840 | K66: =J66*I66 -> 9024600 | O66: =+ROUND(N66,2) -> 0 | P66: =+N66*I66 -> 0 | Q66: =ROUND(O66*I66,2) -> 0 | R66: =IF(OR(O66<=0,O66>J66,Q66<=0,Q66>K66,$R$777="NO CUMPLE"),"NO CUMPLE","CUMPLE") -> NO CUMPLE
C67: 5.2 | G67: SISTEMA ELECTRICO | K67: =J67*I67 -> 0
C68: 5.2.1 | G68: TABLERO ELECTRICOS | K68: =J68*I68 -> 0
C69: 5.2.1.1 | D69: =IFERROR(VLOOKUP(G69,'LISTA ICCU 2026'!$D$6:$G$1065,4,FALSE),"APU - "&C69) -> APU - 5.2.1.1 | E69: =C69 -> 5.2.1.1 | F69: =IF(D69="APU - "&C69,"N/A",IFERROR(VLOOKUP(G69,'LISTA ICCU 2026'!$D$6:$G$1065,4,FALSE),"APU - "&C69)) -> N/A | G69: SUMINISTRO E INSTALACIÓN DE TABLERO DE FABRICACION ESPECIAL TRF, CON ESPACIO PARA TOTALIZADOR Y PROTECCIONES SEGÚN DU, INCLUYE TRANSFERENCIA AUTOMATICA CONTACTORES Y ALARMAS | H69: UN | I69: 1 | J69: 21497513 | K69: =J69*I69 -> 21497513 | O69: =+ROUND(N69,2) -> 0 | P69: =+N69*I69 -> 0 | Q69: =ROUND(O69*I69,2) -> 0 | R69: =IF(OR(O69<=0,O69>J69,Q69<=0,Q69>K69,$R$777="NO CUMPLE"),"NO CUMPLE","CUMPLE") -> NO CUMPLE
C70: 5.2.1.2 | D70: =IFERROR(VLOOKUP(G70,'LISTA ICCU 2026'!$D$6:$G$1065,4,FALSE),"APU - "&C70) -> APU - 5.2.1.2 | E70: =C70 -> 5.2.1.2 | F70: =IF(D70="APU - "&C70,"N/A",IFERROR(VLOOKUP(G70,'LISTA ICCU 2026'!$D$6:$G$1065,4,FALSE),"APU - "&C70)) -> N/A | G70: SUMINISTRO E INSTALACIÓN DE TABLERO DE FABRICACION ESPECIAL TGN, CON ESPACIO PARA TOTALIZADOR Y PROTECCIONES SEGÚN DU. | H70: UN | I70: 1 | J70: 5702513 | K70: =J70*I70 -> 5702513 | O70: =+ROUND(N70,2) -> 0 | P70: =+N70*I70 -> 0 | Q70: =ROUND(O70*I70,2) -> 0 | R70: =IF(OR(O70<=0,O70>J70,Q70<=0,Q70>K70,$R$777="NO CUMPLE"),"NO CUMPLE","CUMPLE") -> NO CUMPLE
C71: 5.2.1.3 | D71: =IFERROR(VLOOKUP(G71,'LISTA ICCU 2026'!$D$6:$G$1065,4,FALSE),"APU - "&C71) -> 12,15 - C | E71: =C71 -> 5.2.1.3 | F71: =IF(D71="APU - "&C71,"N/A",IFERROR(VLOOKUP(G71,'LISTA ICCU 2026'!$D$6:$G$1065,4,FALSE),"APU - "&C71)) -> 12,15 - C | G71: TABLERO PARCIALES 18 CIRCUITOS (INCLUYE TACOS DE 30A) | H71: UN | I71: 1 | J71: =ROUNDUP(IFERROR(VLOOKUP(G71,'LISTA ICCU 2026'!$D$6:$H$1065,3,FALSE),"NO ")*1.3,0) -> 986353 | K71: =J71*I71 -> 986353 | O71: =+ROUND(N71,2) -> 0 | P71: =+N71*I71 -> 0 | Q71: =ROUND(O71*I71,2) -> 0 | R71: =IF(OR(O71<=0,O71>J71,Q71<=0,Q71>K71,$R$777="NO CUMPLE"),"NO CUMPLE","CUMPLE") -> NO CUMPLE
C72: 5.2.1.4 | D72: =IFERROR(VLOOKUP(G72,'LISTA ICCU 2026'!$D$6:$G$1065,4,FALSE),"APU - "&C72) -> 12,14 - C | E72: =C72 -> 5.2.1.4 | F72: =IF(D72="APU - "&C72,"N/A",IFERROR(VLOOKUP(G72,'LISTA ICCU 2026'!$D$6:$G$1065,4,FALSE),"APU - "&C72)) -> 12,14 - C | G72: TABLERO PARCIALES 12 CIRCUITOS (INCLUYE TACOS DE 30A) | H72: UN | I72: 1 | J72: =ROUNDUP(IFERROR(VLOOKUP(G72,'LISTA ICCU 2026'!$D$6:$H$1065,3,FALSE),"NO ")*1.3,0) -> 743411 | K72: =J72*I72 -> 743411 | O72: =+ROUND(N72,2) -> 0 | P72: =+N72*I72 -> 0 | Q72: =ROUND(O72*I72,2) -> 0 | R72: =IF(OR(O72<=0,O72>J72,Q72<=0,Q72>K72,$R$777="NO CUMPLE"),"NO CUMPLE","CUMPLE") -> NO CUMPLE
C73: 5.2.1.5 | D73: =IFERROR(VLOOKUP(G73,'LISTA ICCU 2026'!$D$6:$G$1065,4,FALSE),"APU - "&C73) -> APU - 5.2.1.5 | E73: =C73 -> 5.2.1.5 | F73: =IF(D73="APU - "&C73,"N/A",IFERROR(VLOOKUP(G73,'LISTA ICCU 2026'!$D$6:$G$1065,4,FALSE),"APU - "&C73)) -> N/A | G73: SUMINISTRO E INSTALACIÓN DE TABLERO DE FABRICACION ESPECIAL GENERAL, CON ESPACIO PARA TOTALIZADOR Y PROTECCIONES SEGÚN DU, INCLUYE PULSADORES ON-OFF Y RELES | H73: UN | I73: 1 | J73: 4955013 | K73: =J73*I73 -> 4955013 | O73: =+ROUND(N73,2) -> 0 | P73: =+N73*I73 -> 0 | Q73: =ROUND(O73*I73,2) -> 0 | R73: =IF(OR(O73<=0,O73>J73,Q73<=0,Q73>K73,$R$777="NO CUMPLE"),"NO CUMPLE","CUMPLE") -> NO CUMPLE
C74: 5.2.1.6 | D74: =IFERROR(VLOOKUP(G74,'LISTA ICCU 2026'!$D$6:$G$1065,4,FALSE),"APU - "&C74) -> APU - 5.2.1.6 | E74: =C74 -> 5.2.1.6 | F74: =IF(D74="APU - "&C74,"N/A",IFERROR(VLOOKUP(G74,'LISTA ICCU 2026'!$D$6:$G$1065,4,FALSE),"APU - "&C74)) -> N/A | G74: SUMINISTRO E INSTALACIÓN DE CELDA DE MEDIDA AE319, CON ESPACIO PARA TOTALIZADOR Y PROTECCIONES SEGÚN DU | H74: UN | I74: 1 | J74: 4565013 | K74: =J74*I74 -> 4565013 | O74: =+ROUND(N74,2) -> 0 | P74: =+N74*I74 -> 0 | Q74: =ROUND(O74*I74,2) -> 0 | R74: =IF(OR(O74<=0,O74>J74,Q74<=0,Q74>K74,$R$777="NO CUMPLE"),"NO CUMPLE","CUMPLE") -> NO CUMPLE
C75: 5.2.2 | G75: UPS | K75: =J75*I75 -> 0
C76: 5.2.2.1 | D76: =IFERROR(VLOOKUP(G76,'LISTA ICCU 2026'!$D$6:$G$1065,4,FALSE),"APU - "&C76) -> APU - 5.2.2.1 | E76: =C76 -> 5.2.2.1 | F76: =IF(D76="APU - "&C76,"N/A",IFERROR(VLOOKUP(G76,'LISTA ICCU 2026'!$D$6:$G$1065,4,FALSE),"APU - "&C76)) -> N/A | G76: SUMINISTRO E INSTALACIÓN DE UPS BIFÁSICA 208-120V, 6KVA, AUTONOMÍA 30 MINUTOS | H76: UN | I76: 1 | J76: 11329920 | K76: =J76*I76 -> 11329920 | O76: =+ROUND(N76,2) -> 0 | P76: =+N76*I76 -> 0 | Q76: =ROUND(O76*I76,2) -> 0 | R76: =IF(OR(O76<=0,O76>J76,Q76<=0,Q76>K76,$R$777="NO CUMPLE"),"NO CUMPLE","CUMPLE") -> NO CUMPLE
C77: 5.2.3 | G77: CABLEADO ELECTRICO | K77: =J77*I77 -> 0
C78: 5.2.3.1 | D78: =IFERROR(VLOOKUP(G78,'LISTA ICCU 2026'!$D$6:$G$1065,4,FALSE),"APU - "&C78) -> 12,43 - C | E78: =C78 -> 5.2.3.1 | F78: =IF(D78="APU - "&C78,"N/A",IFERROR(VLOOKUP(G78,'LISTA ICCU 2026'!$D$6:$G$1065,4,FALSE),"APU - "&C78)) -> 12,43 - C | G78: ACOMETIDA SUBTERRÁNEA BT - 3F - 4H - 3xNo.2/0AWG +1xNo.1/0AWG - CU - THHN/THWN-2 | H78: ML | I78: 65 | J78: =ROUNDUP(IFERROR(VLOOKUP(G78,'LISTA ICCU 2026'!$D$6:$H$1065,3,FALSE),"NO ")*1.3,0) -> 331083 | K78: =J78*I78 -> 21520395 | O78: =+ROUND(N78,2) -> 0 | P78: =+N78*I78 -> 0 | Q78: =ROUND(O78*I78,2) -> 0 | R78: =IF(OR(O78<=0,O78>J78,Q78<=0,Q78>K78,$R$777="NO CUMPLE"),"NO CUMPLE","CUMPLE") -> NO CUMPLE
C79: 5.2.3.2 | D79: =IFERROR(VLOOKUP(G79,'LISTA ICCU 2026'!$D$6:$G$1065,4,FALSE),"APU - "&C79) -> APU - 5.2.3.2 | E79: =C79 -> 5.2.3.2 | F79: =IF(D79="APU - "&C79,"N/A",IFERROR(VLOOKUP(G79,'LISTA ICCU 2026'!$D$6:$G$1065,4,FALSE),"APU - "&C79)) -> N/A | G79: SUMINISTRO E INSTALACIÓN DE ACOMETIDA DESDE PLANTA ELECTRICA HASTA TABLERO TRF EN 3X2/0F+1X2/0N+1X4T AWG CU LSHZ 600V EN TUBERIA IMC 2" | H79: ML | I79: 25 | J79: 376220 | K79: =J79*I79 -> 9405500 | O79: =+ROUND(N79,2) -> 0 | P79: =+N79*I79 -> 0 | Q79: =ROUND(O79*I79,2) -> 0 | R79: =IF(OR(O79<=0,O79>J79,Q79<=0,Q79>K79,$R$777="NO CUMPLE"),"NO CUMPLE","CUMPLE") -> NO CUMPLE
C80: 5.2.3.3 | D80: =IFERROR(VLOOKUP(G80,'LISTA ICCU 2026'!$D$6:$G$1065,4,FALSE),"APU - "&C80) -> APU - 5.2.3.3 | E80: =C80 -> 5.2.3.3 | F80: =IF(D80="APU - "&C80,"N/A",IFERROR(VLOOKUP(G80,'LISTA ICCU 2026'!$D$6:$G$1065,4,FALSE),"APU - "&C80)) -> N/A | G80: SUMINISTRO E INSTALACIÓN DE ACOMETIDA DESDE TRF HASTA TGN EN 3X1/0F+1X1/0N+1X6T AWG CU LSHZ 600V EN TUBERIA IMC 2" | H80: ML | I80: 12 | J80: 342105 | K80: =J80*I80 -> 4105260 | O80: =+ROUND(N80,2) -> 0 | P80: =+N80*I80 -> 0 | Q80: =ROUND(O80*I80,2) -> 0 | R80: =IF(OR(O80<=0,O80>J80,Q80<=0,Q80>K80,$R$777="NO CUMPLE"),"NO CUMPLE","CUMPLE") -> NO CUMPLE
C81: 5.2.3.4 | D81: =IFERROR(VLOOKUP(G81,'LISTA ICCU 2026'!$D$6:$G$1065,4,FALSE),"APU - "&C81) -> APU - 5.2.3.4 | E81: =C81 -> 5.2.3.4 | F81: =IF(D81="APU - "&C81,"N/A",IFERROR(VLOOKUP(G81,'LISTA ICCU 2026'!$D$6:$G$1065,4,FALSE),"APU - "&C81)) -> N/A | G81: SUMINISTRO E INSTALACIÓN DE ACOMETIDA DESDE TGN HASTA TILU EN 3X6F+1X6N+1X8T AWG CU LSHZ 600V EN TUBERIA IMC 1-1/4" | H81: ML | I81: 12 | J81: 115534 | K81: =J81*I81 -> 1386408 | O81: =+ROUND(N81,2) -> 0 | P81: =+N81*I81 -> 0 | Q81: =ROUND(O81*I81,2) -> 0 | R81: =IF(OR(O81<=0,O81>J81,Q81<=0,Q81>K81,$R$777="NO CUMPLE"),"NO CUMPLE","CUMPLE") -> NO CUMPLE
C82: 5.2.3.5 | D82: =IFERROR(VLOOKUP(G82,'LISTA ICCU 2026'!$D$6:$G$1065,4,FALSE),"APU - "&C82) -> APU - 5.2.3.5 | E82: =C82 -> 5.2.3.5 | F82: =IF(D82="APU - "&C82,"N/A",IFERROR(VLOOKUP(G82,'LISTA ICCU 2026'!$D$6:$G$1065,4,FALSE),"APU - "&C82)) -> N/A | G82: SUMINISTRO E INSTALACIÓN DE ACOMETIDA DESDE TGN HASTA UPS Y TREG EN 2X8F+1X8N+1X8T AWG CU LSHZ 600V EN TUBERIA IMC 1" | H82: ML | I82: 25 | J82: 63702 | K82: =J82*I82 -> 1592550 | O82: =+ROUND(N82,2) -> 0 | P82: =+N82*I82 -> 0 | Q82: =ROUND(O82*I82,2) -> 0 | R82: =IF(OR(O82<=0,O82>J82,Q82<=0,Q82>K82,$R$777="NO CUMPLE"),"NO CUMPLE","CUMPLE") -> NO CUMPLE
C83: 5.2.3.6 | D83: =IFERROR(VLOOKUP(G83,'LISTA ICCU 2026'!$D$6:$G$1065,4,FALSE),"APU - "&C83) -> APU - 5.2.3.6 | E83: =C83 -> 5.2.3.6 | F83: =IF(D83="APU - "&C83,"N/A",IFERROR(VLOOKUP(G83,'LISTA ICCU 2026'!$D$6:$G$1065,4,FALSE),"APU - "&C83)) -> N/A | G83: SUMINISTRO E INSTALACIÓN DE CABLE NO.3X12 AWG-LSHZ-600V EN COBRE PARA SALIDAS DE CIRCUITOS RAMALES | H83: ML | I83: 1790 | J83: 21007 | K83: =J83*I83 -> 37602530 | O83: =+ROUND(N83,2) -> 0 | P83: =+N83*I83 -> 0 | Q83: =ROUND(O83*I83,2) -> 0 | R83: =IF(OR(O83<=0,O83>J83,Q83<=0,Q83>K83,$R$777="NO CUMPLE"),"NO CUMPLE","CUMPLE") -> NO CUMPLE
C84: 5.2.4 | G84: SALIDAS ELECTRICAS | K84: =J84*I84 -> 0
C85: 5.2.4.1 | D85: =IFERROR(VLOOKUP(G85,'LISTA ICCU 2026'!$D$6:$G$1065,4,FALSE),"APU - "&C85) -> 12,9 - C | E85: =C85 -> 5.2.4.1 | F85: =IF(D85="APU - "&C85,"N/A",IFERROR(VLOOKUP(G85,'LISTA ICCU 2026'!$D$6:$G$1065,4,FALSE),"APU - "&C85)) -> 12,9 - C | G85: SALIDA TOMA DOBLE PVC COMPLETA | H85: UN | I85: 78 | J85: =ROUNDUP(IFERROR(VLOOKUP(G85,'LISTA ICCU 2026'!$D$6:$H$1065,3,FALSE),"NO ")*1.3,0) -> 132008 | K85: =J85*I85 -> 10296624 | O85: =+ROUND(N85,2) -> 0 | P85: =+N85*I85 -> 0 | Q85: =ROUND(O85*I85,2) -> 0 | R85: =IF(OR(O85<=0,O85>J85,Q85<=0,Q85>K85,$R$777="NO CUMPLE"),"NO CUMPLE","CUMPLE") -> NO CUMPLE
C86: 5.2.4.2 | D86: =IFERROR(VLOOKUP(G86,'LISTA ICCU 2026'!$D$6:$G$1065,4,FALSE),"APU - "&C86) -> 12,92 - C | E86: =C86 -> 5.2.4.2 | F86: =IF(D86="APU - "&C86,"N/A",IFERROR(VLOOKUP(G86,'LISTA ICCU 2026'!$D$6:$G$1065,4,FALSE),"APU - "&C86)) -> 12,92 - C | G86: SALIDA TOMACORRIENTE DOBLE - 2P + T - CON PROTECCIÓN GFCI - 15A - 127V (NEMA 5-15R), INCLUYE: CAJA, ELEMENTOS DE FIJACIÓN, TRAMO DE 4m DE TUBERÍA PVC 1/2" Y CIRCUITO RAMAL | H86: UN | I86: 10 | J86: =ROUNDUP(IFERROR(VLOOKUP(G86,'LISTA ICCU 2026'!$D$6:$H$1065,3,FALSE),"NO ")*1.3,0) -> 234639 | K86: =J86*I86 -> 2346390 | O86: =+ROUND(N86,2) -> 0 | P86: =+N86*I86 -> 0 | Q86: =ROUND(O86*I86,2) -> 0 | R86: =IF(OR(O86<=0,O86>J86,Q86<=0,Q86>K86,$R$777="NO CUMPLE"),"NO CUMPLE","CUMPLE") -> NO CUMPLE
C87: 5.2.4.3 | D87: =IFERROR(VLOOKUP(G87,'LISTA ICCU 2026'!$D$6:$G$1065,4,FALSE),"APU - "&C87) -> APU - 5.2.4.3 | E87: =C87 -> 5.2.4.3 | F87: =IF(D87="APU - "&C87,"N/A",IFERROR(VLOOKUP(G87,'LISTA ICCU 2026'!$D$6:$G$1065,4,FALSE),"APU - "&C87)) -> N/A | G87: SUMINISTRO E INSTALACIÓN DETOMACORRIENTE DOBLE CON POLO A TIERRA DE 20 A - 125V PARA SISTEMA REGULADO, INCLUYE APARATO CON TAPA NARANJA, TUBERIA PVC 3/4", CABLE 3X12 AWG LSHZ 600V CU, CAJA DE PASO METALICA 2400 | H87: UN | I87: 8 | J87: 164638 | K87: =J87*I87 -> 1317104 | O87: =+ROUND(N87,2) -> 0 | P87: =+N87*I87 -> 0 | Q87: =ROUND(O87*I87,2) -> 0 | R87: =IF(OR(O87<=0,O87>J87,Q87<=0,Q87>K87,$R$777="NO CUMPLE"),"NO CUMPLE","CUMPLE") -> NO CUMPLE
C88: 5.2.4.4 | D88: =IFERROR(VLOOKUP(G88,'LISTA ICCU 2026'!$D$6:$G$1065,4,FALSE),"APU - "&C88) -> 12,12 - C | E88: =C88 -> 5.2.4.4 | F88: =IF(D88="APU - "&C88,"N/A",IFERROR(VLOOKUP(G88,'LISTA ICCU 2026'!$D$6:$G$1065,4,FALSE),"APU - "&C88)) -> 12,12 - C | G88: SALIDA BIFÁSICA C.N. | H88: UN | I88: 5 | J88: =ROUNDUP(IFERROR(VLOOKUP(G88,'LISTA ICCU 2026'!$D$6:$H$1065,3,FALSE),"NO ")*1.3,0) -> 114334 | K88: =J88*I88 -> 571670 | O88: =+ROUND(N88,2) -> 0 | P88: =+N88*I88 -> 0 | Q88: =ROUND(O88*I88,2) -> 0 | R88: =IF(OR(O88<=0,O88>J88,Q88<=0,Q88>K88,$R$777="NO CUMPLE"),"NO CUMPLE","CUMPLE") -> NO CUMPLE
C89: 5.2.4.5 | D89: =IFERROR(VLOOKUP(G89,'LISTA ICCU 2026'!$D$6:$G$1065,4,FALSE),"APU - "&C89) -> 12.10 - C | E89: =C89 -> 5.2.4.5 | F89: =IF(D89="APU - "&C89,"N/A",IFERROR(VLOOKUP(G89,'LISTA ICCU 2026'!$D$6:$G$1065,4,FALSE),"APU - "&C89)) -> 12.10 - C | G89: SALIDA TRIFÁSICA PVC COMPLETA | H89: UN | I89: 3 | J89: =ROUNDUP(IFERROR(VLOOKUP(G89,'LISTA ICCU 2026'!$D$6:$H$1065,3,FALSE),"NO ")*1.3,0) -> 233770 | K89: =J89*I89 -> 701310 | O89: =+ROUND(N89,2) -> 0 | P89: =+N89*I89 -> 0 | Q89: =ROUND(O89*I89,2) -> 0 | R89: =IF(OR(O89<=0,O89>J89,Q89<=0,Q89>K89,$R$777="NO CUMPLE"),"NO CUMPLE","CUMPLE") -> NO CUMPLE
C90: 5.3 | G90: SISTEMA DE ILUMINACION | K90: =J90*I90 -> 0
C91: 5.3.1 | G91: LUMINARIAS | K91: =J91*I91 -> 0
C92: 5.3.1.1 | D92: =IFERROR(VLOOKUP(G92,'LISTA ICCU 2026'!$D$6:$G$1065,4,FALSE),"APU - "&C92) -> 12,3 - C | E92: =C92 -> 5.3.1.1 | F92: =IF(D92="APU - "&C92,"N/A",IFERROR(VLOOKUP(G92,'LISTA ICCU 2026'!$D$6:$G$1065,4,FALSE),"APU - "&C92)) -> 12,3 - C | G92: SALIDA LÁMPARA TOMA EMT COMPLETA. INC INTERRUPTOR | H92: UN | I92: 288 | J92: =ROUNDUP(IFERROR(VLOOKUP(G92,'LISTA ICCU 2026'!$D$6:$H$1065,3,FALSE),"NO ")*1.3,0) -> 164947 | K92: =J92*I92 -> 47504736 | O92: =+ROUND(N92,2) -> 0 | P92: =+N92*I92 -> 0 | Q92: =ROUND(O92*I92,2) -> 0 | R92: =IF(OR(O92<=0,O92>J92,Q92<=0,Q92>K92,$R$777="NO CUMPLE"),"NO CUMPLE","CUMPLE") -> NO CUMPLE
C93: 5.3.1.2 | D93: =IFERROR(VLOOKUP(G93,'LISTA ICCU 2026'!$D$6:$G$1065,4,FALSE),"APU - "&C93) -> APU - 5.3.1.2 | E93: =C93 -> 5.3.1.2 | F93: =IF(D93="APU - "&C93,"N/A",IFERROR(VLOOKUP(G93,'LISTA ICCU 2026'!$D$6:$G$1065,4,FALSE),"APU - "&C93)) -> N/A | G93: SUMINISTRO E INSTALACIÓN DE LUMINARIA DE EMERGENCIA R1 2X1.6W | H93: UN | I93: 35 | J93: 128686 | K93: =J93*I93 -> 4504010 | O93: =+ROUND(N93,2) -> 0 | P93: =+N93*I93 -> 0 | Q93: =ROUND(O93*I93,2) -> 0 | R93: =IF(OR(O93<=0,O93>J93,Q93<=0,Q93>K93,$R$777="NO CUMPLE"),"NO CUMPLE","CUMPLE") -> NO CUMPLE
C94: 5.3.1.3 | D94: =IFERROR(VLOOKUP(G94,'LISTA ICCU 2026'!$D$6:$G$1065,4,FALSE),"APU - "&C94) -> APU - 5.3.1.3 | E94: =C94 -> 5.3.1.3 | F94: =IF(D94="APU - "&C94,"N/A",IFERROR(VLOOKUP(G94,'LISTA ICCU 2026'!$D$6:$G$1065,4,FALSE),"APU - "&C94)) -> N/A | G94: SUMINISTRO E INSTALACIÓN DE AVISO DE SALIDA EMERGENCIA | H94: UN | I94: 35 | J94: 120561 | K94: =J94*I94 -> 4219635 | O94: =+ROUND(N94,2) -> 0 | P94: =+N94*I94 -> 0 | Q94: =ROUND(O94*I94,2) -> 0 | R94: =IF(OR(O94<=0,O94>J94,Q94<=0,Q94>K94,$R$777="NO CUMPLE"),"NO CUMPLE","CUMPLE") -> NO CUMPLE
C95: 5.3.1.4 | D95: =IFERROR(VLOOKUP(G95,'LISTA ICCU 2026'!$D$6:$G$1065,4,FALSE),"APU - "&C95) -> APU - 5.3.1.4 | E95: =C95 -> 5.3.1.4 | F95: =IF(D95="APU - "&C95,"N/A",IFERROR(VLOOKUP(G95,'LISTA ICCU 2026'!$D$6:$G$1065,4,FALSE),"APU - "&C95)) -> N/A | G95: SUMINISTRO E INSTALACIÓN DE LUMINARIA HERMETICA 2X18W PC | H95: UN | I95: 28 | J95: 114841 | K95: =J95*I95 -> 3215548 | O95: =+ROUND(N95,2) -> 0 | P95: =+N95*I95 -> 0 | Q95: =ROUND(O95*I95,2) -> 0 | R95: =IF(OR(O95<=0,O95>J95,Q95<=0,Q95>K95,$R$777="NO CUMPLE"),"NO CUMPLE","CUMPLE") -> NO CUMPLE
C96: 5.3.1.5 | D96: =IFERROR(VLOOKUP(G96,'LISTA ICCU 2026'!$D$6:$G$1065,4,FALSE),"APU - "&C96) -> APU - 5.3.1.5 | E96: =C96 -> 5.3.1.5 | F96: =IF(D96="APU - "&C96,"N/A",IFERROR(VLOOKUP(G96,'LISTA ICCU 2026'!$D$6:$G$1065,4,FALSE),"APU - "&C96)) -> N/A | G96: SUMINISTRO E INSTALACIÓN DE LUMINARIA LED TIPO OJO DE BUEY ODB AVANTE CON PESTAÑA 15,8W | H96: UN | I96: 26 | J96: 322516 | K96: =J96*I96 -> 8385416 | O96: =+ROUND(N96,2) -> 0 | P96: =+N96*I96 -> 0 | Q96: =ROUND(O96*I96,2) -> 0 | R96: =IF(OR(O96<=0,O96>J96,Q96<=0,Q96>K96,$R$777="NO CUMPLE"),"NO CUMPLE","CUMPLE") -> NO CUMPLE
C97: 5.3.1.6 | D97: =IFERROR(VLOOKUP(G97,'LISTA ICCU 2026'!$D$6:$G$1065,4,FALSE),"APU - "&C97) -> APU - 5.3.1.6 | E97: =C97 -> 5.3.1.6 | F97: =IF(D97="APU - "&C97,"N/A",IFERROR(VLOOKUP(G97,'LISTA ICCU 2026'!$D$6:$G$1065,4,FALSE),"APU - "&C97)) -> N/A | G97: SUMINISTRO E INSTALACIÓN DE LUMINARIA TIPO SPOT COX RECTO | H97: UN | I97: 28 | J97: 443848 | K97: =J97*I97 -> 12427744 | O97: =+ROUND(N97,2) -> 0 | P97: =+N97*I97 -> 0 | Q97: =ROUND(O97*I97,2) -> 0 | R97: =IF(OR(O97<=0,O97>J97,Q97<=0,Q97>K97,$R$777="NO CUMPLE"),"NO CUMPLE","CUMPLE") -> NO CUMPLE
C98: 5.3.1.7 | D98: =IFERROR(VLOOKUP(G98,'LISTA ICCU 2026'!$D$6:$G$1065,4,FALSE),"APU - "&C98) -> APU - 5.3.1.7 | E98: =C98 -> 5.3.1.7 | F98: =IF(D98="APU - "&C98,"N/A",IFERROR(VLOOKUP(G98,'LISTA ICCU 2026'!$D$6:$G$1065,4,FALSE),"APU - "&C98)) -> N/A | G98: SUMINISTRO E INSTALACIÓN DE RIEL MAGNÉTICO PARA LUMINARIA SPOT COX RECTO | H98: ML | I98: 14 | J98: 420643 | K98: =J98*I98 -> 5889002 | O98: =+ROUND(N98,2) -> 0 | P98: =+N98*I98 -> 0 | Q98: =ROUND(O98*I98,2) -> 0 | R98: =IF(OR(O98<=0,O98>J98,Q98<=0,Q98>K98,$R$777="NO CUMPLE"),"NO CUMPLE","CUMPLE") -> NO CUMPLE
C99: 5.3.1.8 | D99: =IFERROR(VLOOKUP(G99,'LISTA ICCU 2026'!$D$6:$G$1065,4,FALSE),"APU - "&C99) -> APU - 5.3.1.8 | E99: =C99 -> 5.3.1.8 | F99: =IF(D99="APU - "&C99,"N/A",IFERROR(VLOOKUP(G99,'LISTA ICCU 2026'!$D$6:$G$1065,4,FALSE),"APU - "&C99)) -> N/A | G99: SUMINISTRO E INSTALACIÓN DE LUMINARIA LED TIPO EASY EKO II PREMIUM. LONGITUD= 582MM. | H99: UN | I99: 94 | J99: 340656 | K99: =J99*I99 -> 32021664 | O99: =+ROUND(N99,2) -> 0 | P99: =+N99*I99 -> 0 | Q99: =ROUND(O99*I99,2) -> 0 | R99: =IF(OR(O99<=0,O99>J99,Q99<=0,Q99>K99,$R$777="NO CUMPLE"),"NO CUMPLE","CUMPLE") -> NO CUMPLE
C100: 5.3.1.9 | D100: =IFERROR(VLOOKUP(G100,'LISTA ICCU 2026'!$D$6:$G$1065,4,FALSE),"APU - "&C100) -> APU - 5.3.1.9 | E100: =C100 -> 5.3.1.9 | F100: =IF(D100="APU - "&C100,"N/A",IFERROR(VLOOKUP(G100,'LISTA ICCU 2026'!$D$6:$G$1065,4,FALSE),"APU - "&C100)) -> N/A | G100: SUMINISTRO E INSTALACIÓN DE LUMINARIA LED TIPO EASY EKO II PREMIUM. LONGITUD= 1145MM. | H100: UN | I100: 15 | J100: 662406 | K100: =J100*I100 -> 9936090 | O100: =+ROUND(N100,2) -> 0 | P100: =+N100*I100 -> 0 | Q100: =ROUND(O100*I100,2) -> 0 | R100: =IF(OR(O100<=0,O100>J100,Q100<=0,Q100>K100,$R$777="NO CUMPLE"),"NO CUMPLE","CUMPLE") -> NO CUMPLE
C101: 5.3.1.10 | D101: =IFERROR(VLOOKUP(G101,'LISTA ICCU 2026'!$D$6:$G$1065,4,FALSE),"APU - "&C101) -> APU - 5.3.1.10 | E101: =C101 -> 5.3.1.10 | F101: =IF(D101="APU - "&C101,"N/A",IFERROR(VLOOKUP(G101,'LISTA ICCU 2026'!$D$6:$G$1065,4,FALSE),"APU - "&C101)) -> N/A | G101: SUMINISTRO E INSTALACIÓN DE LUMINARIA LED TIPO EASY EKO II PREMIUM. LONGITUD= 2271MM. | H101: UN | I101: 4 | J101: 868456 | K101: =J101*I101 -> 3473824 | O101: =+ROUND(N101,2) -> 0 | P101: =+N101*I101 -> 0 | Q101: =ROUND(O101*I101,2) -> 0 | R101: =IF(OR(O101<=0,O101>J101,Q101<=0,Q101>K101,$R$777="NO CUMPLE"),"NO CUMPLE","CUMPLE") -> NO CUMPLE
C102: 5.3.1.11 | D102: =IFERROR(VLOOKUP(G102,'LISTA ICCU 2026'!$D$6:$G$1065,4,FALSE),"APU - "&C102) -> APU - 5.3.1.11 | E102: =C102 -> 5.3.1.11 | F102: =IF(D102="APU - "&C102,"N/A",IFERROR(VLOOKUP(G102,'LISTA ICCU 2026'!$D$6:$G$1065,4,FALSE),"APU - "&C102)) -> N/A | G102: SUMINISTRO E INSTALACIÓN DE LUMINARIA MINI ANTORCHA COLUMNA | H102: UN | I102: 9 | J102: 1173244 | K102: =J102*I102 -> 10559196 | O102: =+ROUND(N102,2) -> 0 | P102: =+N102*I102 -> 0 | Q102: =ROUND(O102*I102,2) -> 0 | R102: =IF(OR(O102<=0,O102>J102,Q102<=0,Q102>K102,$R$777="NO CUMPLE"),"NO CUMPLE","CUMPLE") -> NO CUMPLE
C103: 5.3.1.12 | D103: =IFERROR(VLOOKUP(G103,'LISTA ICCU 2026'!$D$6:$G$1065,4,FALSE),"APU - "&C103) -> 12.112 - C | E103: =C103 -> 5.3.1.12 | F103: =IF(D103="APU - "&C103,"N/A",IFERROR(VLOOKUP(G103,'LISTA ICCU 2026'!$D$6:$G$1065,4,FALSE),"APU - "&C103)) -> 12.112 - C | G103: LUMINARIA PANEL LED REDONDO - 18W - 4000K/6000K - IP20 - 120V - DE INCRUSTAR 22cmX3cm | H103: UN | I103: 8 | J103: =ROUNDUP(IFERROR(VLOOKUP(G103,'LISTA ICCU 2026'!$D$6:$H$1065,3,FALSE),"NO ")*1.3,0) -> 56379 | K103: =J103*I103 -> 451032 | O103: =+ROUND(N103,2) -> 0 | P103: =+N103*I103 -> 0 | Q103: =ROUND(O103*I103,2) -> 0 | R103: =IF(OR(O103<=0,O103>J103,Q103<=0,Q103>K103,$R$777="NO CUMPLE"),"NO CUMPLE","CUMPLE") -> NO CUMPLE
C104: 5.3.1.13 | D104: =IFERROR(VLOOKUP(G104,'LISTA ICCU 2026'!$D$6:$G$1065,4,FALSE),"APU - "&C104) -> 12.113 - C | E104: =C104 -> 5.3.1.13 | F104: =IF(D104="APU - "&C104,"N/A",IFERROR(VLOOKUP(G104,'LISTA ICCU 2026'!$D$6:$G$1065,4,FALSE),"APU - "&C104)) -> 12.113 - C | G104: LUMINARIA PANEL LED REDONDO - 24W - 4000K/6000K - IP20 - 120V - DE INCRUSTAR 30cmX3cm | H104: UN | I104: 2 | J104: =ROUNDUP(IFERROR(VLOOKUP(G104,'LISTA ICCU 2026'!$D$6:$H$1065,3,FALSE),"NO ")*1.3,0) -> 76305 | K104: =J104*I104 -> 152610 | O104: =+ROUND(N104,2) -> 0 | P104: =+N104*I104 -> 0 | Q104: =ROUND(O104*I104,2) -> 0 | R104: =IF(OR(O104<=0,O104>J104,Q104<=0,Q104>K104,$R$777="NO CUMPLE"),"NO CUMPLE","CUMPLE") -> NO CUMPLE
C105: 5.3.2 | G105: SISTEMA DE CONTROL E INTERRUPTORES | K105: =J105*I105 -> 0
...

Sheet APU CAP #
C2: Formulario 1 - Propuesta económica - Licitación de obra pública de infraestructura social
C3: Código | D3: CCE-EICP-FM-116 | E3: Versión | F3: 1
C5: [La Entidad podrá utilizar este Formato para la presentación de los análisis de Precios Unitarios del Contratista en la oportunidad prevista en el numeral 8.1. del Documento Base]
C7: #VALUE!
D8: =#REF! -> #REF!
L9: VERSIÓN
L10: PÁGINA | M10: 1 | N10: DE | O10: 1
D11: ALCALDÍA DE MUNICIPAL DE MOSQUERA
L14: FECHA | M14: DD | N14: MM | O14: AA
C15: ESTUDIOS, DISEÑOS A DETALLE, PERMISOS Y LICENCIAMIENTO DE LOS DIFERENTES EQUIPAMIENTOS PÚBLICOS PARA EL MUNICIPIO DE MOSQUERA CUNDINAMARCA
C18: DATOS ESPECÍFICOS
C19: ÍTEM | D19: DESCRIPCIÓN | M19: UNIDAD | O19: CANTIDAD
D20: =IFERROR(VLOOKUP(C20,#REF!,5,FALSE)," ") | M20: =IFERROR(VLOOKUP(C20,#REF!,6,FALSE)," ") | O20: =IFERROR(VLOOKUP(C20,#REF!,7,FALSE)," ")
C24: DESCRIPCIÓN | H24: MARCA | J24: TIPO | L24: TARIFA/HORA | M24: RENDIMIENTO | O24: Vr. UNITARIO
J25: =IFERROR(VLOOKUP(C25,EQUIPOS!$C$13:$G$80,2,FALSE)," ") | L25: =O63 -> 0 | O25: =IFERROR(M25*L25,0) -> 0
J26: =IFERROR(VLOOKUP(C26,EQUIPOS!$C$13:$G$80,2,FALSE)," ") | L26: =IFERROR(VLOOKUP(C26,EQUIPOS!$C$13:$G$80,5,FALSE)," ") | O26: =IFERROR(L26/M26,0) -> 0
J27: =IFERROR(VLOOKUP(C27,EQUIPOS!$C$13:$G$80,2,FALSE)," ") | L27: =IFERROR(VLOOKUP(C27,EQUIPOS!$C$13:$G$80,5,FALSE)," ") | O27: =IFERROR(L27/M27,0) -> 0
J28: =IFERROR(VLOOKUP(C28,EQUIPOS!$C$13:$G$80,2,FALSE)," ") | L28: =IFERROR(VLOOKUP(C28,EQUIPOS!$C$13:$G$80,5,FALSE)," ") | O28: =IFERROR(L28/M28,0) -> 0
J29: =IFERROR(VLOOKUP(C29,EQUIPOS!$C$13:$G$80,2,FALSE)," ") | L29: =IFERROR(VLOOKUP(C29,EQUIPOS!$C$13:$G$80,5,FALSE)," ") | O29: =IFERROR(L29/M29,0) -> 0
C30: SUBTOTAL | O30: =SUM(O25:O29) -> 0
C31: II. MATERIALES
C34: DESCRIPCIÓN | K34: UNIDAD | L34: CANTIDAD | M34: PRECIO UNIT. | O34: Vr. UNITARIO
K35: =IFERROR(VLOOKUP(C35,MATERIALES!$C$13:$G$2240,2,FALSE)," ") | M35: =IFERROR(VLOOKUP(C35,MATERIALES!$C$13:$G$2240,5,FALSE)," ") | O35: =IFERROR(M35*L35,0) -> 0
K36: =IFERROR(VLOOKUP(C36,MATERIALES!$C$13:$G$2240,2,FALSE)," ") | M36: =IFERROR(VLOOKUP(C36,MATERIALES!$C$13:$G$2240,5,FALSE)," ") | O36: =IFERROR(M36*L36,0) -> 0
K37: =IFERROR(VLOOKUP(C37,MATERIALES!$C$13:$G$2240,2,FALSE)," ") | M37: =IFERROR(VLOOKUP(C37,MATERIALES!$C$13:$G$2240,5,FALSE)," ") | O37: =IFERROR(M37*L37,0) -> 0
K38: =IFERROR(VLOOKUP(C38,MATERIALES!$C$13:$G$2240,2,FALSE)," ") | M38: =IFERROR(VLOOKUP(C38,MATERIALES!$C$13:$G$2240,5,FALSE)," ") | O38: =IFERROR(M38*L38,0) -> 0
K39: =IFERROR(VLOOKUP(C39,MATERIALES!$C$13:$G$2240,2,FALSE)," ") | M39: =IFERROR(VLOOKUP(C39,MATERIALES!$C$13:$G$2240,5,FALSE)," ") | O39: =IFERROR(M39*L39,0) -> 0
K40: =IFERROR(VLOOKUP(C40,MATERIALES!$C$13:$G$2240,2,FALSE)," ") | M40: =IFERROR(VLOOKUP(C40,MATERIALES!$C$13:$G$2240,5,FALSE)," ") | O40: =IFERROR(M40*L40,0) -> 0
K41: =IFERROR(VLOOKUP(C41,MATERIALES!$C$13:$G$2240,2,FALSE)," ") | M41: =IFERROR(VLOOKUP(C41,MATERIALES!$C$13:$G$2240,5,FALSE)," ") | O41: =IFERROR(M41*L41,0) -> 0
K42: =IFERROR(VLOOKUP(C42,MATERIALES!$C$13:$G$2240,2,FALSE)," ") | M42: =IFERROR(VLOOKUP(C42,MATERIALES!$C$13:$G$2240,5,FALSE)," ") | O42: =IFERROR(M42*L42,0) -> 0
K43: =IFERROR(VLOOKUP(C43,MATERIALES!$C$13:$G$2240,2,FALSE)," ") | M43: =IFERROR(VLOOKUP(C43,MATERIALES!$C$13:$G$2240,5,FALSE)," ") | O43: =IFERROR(M43*L43,0) -> 0
K44: =IFERROR(VLOOKUP(C44,MATERIALES!$C$13:$G$2240,2,FALSE)," ") | M44: =IFERROR(VLOOKUP(C44,MATERIALES!$C$13:$G$2240,5,FALSE)," ") | O44: =IFERROR(M44*L44,0) -> 0
K45: =IFERROR(VLOOKUP(C45,MATERIALES!$C$13:$G$2240,2,FALSE)," ") | M45: =IFERROR(VLOOKUP(C45,MATERIALES!$C$13:$G$2240,5,FALSE)," ") | O45: =IFERROR(M45*L45,0) -> 0
K46: =IFERROR(VLOOKUP(C46,MATERIALES!$C$13:$G$2240,2,FALSE)," ") | M46: =IFERROR(VLOOKUP(C46,MATERIALES!$C$13:$G$2240,5,FALSE)," ") | O46: =IFERROR(M46*L46,0) -> 0
C47: SUBTOTAL | O47: =SUM(O35:O46) -> 0
C48: III. TRANSPORTES
C51: MATERIAL | J51: VOL. o PESO | K51: DISTANCIA | L51: M3 o Ton/Km | M51: TARIFA | O51: Vr. UNITARIO
K52: 25.1 | L52: =K52*J52 -> 0 | M52: =IFERROR(VLOOKUP(C52,TRANSPORTE!$C$14:$G$28,5,FALSE)," ") | O52: =IFERROR(M52*L52,0) -> 0
O53: =IFERROR(M53*L53,0) -> 0
C54: SUBTOTAL | O54: =+SUM(O52:O53) -> 0
C55: IV. MANO DE OBRA
C58: TRABAJADOR | J58: JORNAL | K58: PRESTACIONES | L58: JORNAL TOTAL | M58: RENDIMIENTO | O58: Vr. UNITARIO
J59: =IFERROR(VLOOKUP(C59,'MANO DE OBRA'!$C$13:$J$33,6,FALSE)," ") | K59: =IFERROR(VLOOKUP(C59,'MANO DE OBRA'!$C$13:$J$33,7,FALSE)," ") | L59: =IFERROR(VLOOKUP(C59,'MANO DE OBRA'!$C$13:$J$33,8,FALSE)," ") | O59: =IFERROR((L59/M59),0) -> 0
J60: =IFERROR(VLOOKUP(C60,'MANO DE OBRA'!$C$13:$J$33,6,FALSE)," ") | K60: =IFERROR(VLOOKUP(C60,'MANO DE OBRA'!$C$13:$J$33,7,FALSE)," ") | L60: =IFERROR(VLOOKUP(C60,'MANO DE OBRA'!$C$13:$J$33,8,FALSE)," ") | O60: =IFERROR((L60/M60),0) -> 0
J61: =IFERROR(VLOOKUP(C61,'MANO DE OBRA'!$C$13:$J$33,6,FALSE)," ") | K61: =IFERROR(VLOOKUP(C61,'MANO DE OBRA'!$C$13:$J$33,7,FALSE)," ") | L61: =IFERROR(VLOOKUP(C61,'MANO DE OBRA'!$C$13:$J$33,8,FALSE)," ") | O61: =IFERROR((L61/M61),0) -> 0
J62: =IFERROR(VLOOKUP(C62,'MANO DE OBRA'!$C$13:$J$33,6,FALSE)," ") | K62: =IFERROR(VLOOKUP(C62,'MANO DE OBRA'!$C$13:$J$33,7,FALSE)," ") | L62: =IFERROR(VLOOKUP(C62,'MANO DE OBRA'!$C$13:$J$33,8,FALSE)," ") | O62: =IFERROR((L62/M62),0) -> 0
C63: SUBTOTAL | O63: =+SUM(O59:O62) -> 0
C65: TOTAL COSTO DIRECTO | O65: =ROUND(O54+O30+O47+O63,0) -> 0
C67: V. COSTOS INDIRECTOS
C70: DESCRIPCIÓN | N70: PORCENTAJE | O70: VALOR TOTAL
C71: ADMINISTRACION | N71: 0.26 | O71: =N71*O65 -> 0
C72: IMPREVISTOS | N72: 0.01 | O72: =N72*O65 -> 0
C73: UTILIDAD | N73: 0.03 | O73: =N73*O65 -> 0
C76: TOTAL COSTO DIRECTO + A.I.U. | O76: =ROUND(O65+O71+O72+O73,0) -> 0

Sheet EQUIPOS
B2: #VALUE! | C2: =#REF! -> #REF!
C5: ALCALDÍA DE MUNICIPAL DE MOSQUERA
B8: ANÁLISIS DE PRECIOS UNITARIOS
B10: LISTADO DE EQUIPOS
B12: EQUIPOS
B13: No. | C13: EQUIPO | D13: UNIDAD | E13: VALOR | F13: IPC | G13: VALOR FINAL | H13: OBSERVACION
B14: 1 | C14: ALQUILER BOMBA PARA CONCRETO | D14: M3 | E14: 64321 | G14: =E14*(F14+1) -> 64321 | H14: ICCU 2026
B15: =B14+1 -> 2 | C15: BARREDORA MECÁNICA DE CEPILLO | D15: H | E15: 100068 | G15: =E15*(1+F15) -> 100068 | H15: ICCU 2026
B16: =B15+1 -> 3 | C16: BOBCAT | D16: H | E16: 87506 | G16: =E16*(1+F16) -> 87506 | H16: ICCU 2026
B17: =B16+1 -> 4 | C17: BOMBA DE INYECCIÓN | D17: H | E17: 34656 | G17: =E17*(1+F17) -> 34656 | H17: ICCU 2026
B18: =B17+1 -> 5 | C18: BOMBA GATO TENSIONAMIENTO | D18: H | E18: 69311 | G18: =E18*(1+F18) -> 69311 | H18: ICCU 2026
B19: =B18+1 -> 6 | C19: BULLDOZER D-6 | D19: H | E19: 196983 | G19: =E19*(1+F19) -> 196983 | H19: ICCU 2026
B20: =B19+1 -> 7 | C20: CAMIONETA | D20: D | E20: 514637 | G20: =E20*(1+F20) -> 514637 | H20: ICCU 2026
B21: =B20+1 -> 8 | C21: CAMISA PARA PILOTES | D21: ML | E21: 67733 | G21: =E21*(1+F21) -> 67733 | H21: ICCU 2026
B22: =B21+1 -> 9 | C22: CARROTANQUE DE AGUA 10000 LITROS | D22: H | E22: 149084 | G22: =E22*(1+F22) -> 149084 | H22: ICCU 2026
B23: =B22+1 -> 10 | C23: COMPACTADOR LLANTAS | D23: H | E23: 170527 | G23: =E23*(1+F23) -> 170527 | H23: ICCU 2026
B24: =B23+1 -> 11 | C24: COMPRESOR DE 250 CPM | D24: H | E24: 155951 | G24: =E24*(1+F24) -> 155951 | H24: ICCU 2026
B25: =B24+1 -> 12 | C25: COMPRESOR PINTURA | D25: D | E25: 86639 | G25: =E25*(1+F25) -> 86639 | H25: ICCU 2026
B26: =B25+1 -> 13 | C26: CORTADORA DE LADRILLO 6.6 HP | D26: D | E26: 81298 | G26: =E26*(1+F26) -> 81298 | H26: ICCU 2026
... B46: =B45+1 -> 33 | C46: GUADAÑADORA | D46: H | E46: 7824 | G46: =E46*(1+F46) -> 7824 | H46: ICCU 2026
B47: =B46+1 -> 34 | C47: HERRAMIENTA MENOR | D47: % | G47: =E47*(1+F47) -> 0 | H47: ICCU 2026
B48: =B47+1 -> 35 | C48: IRRIGADOR DE ASFÁLTO | D48: H | E48: 131562 | G48: =E48*(1+F48) -> 131562 | H48: ICCU 2026
B49: =B48+1 -> 36 | C49: MÁQUINA PEGATACHAS | D49: D | E49: 59223 | G49: =E49*(1+F49) -> 59223 | H49: ICCU 2026
B50: =B49+1 -> 37 | C50: MÁQUINA PILOTEADORA R-15 | D50: H | E50: 859677 | G50: =E50*(1+F50) -> 859677 | H50: ICCU 2026
B51: =B50+1 -> 38 | C51: MARTILLO DEMOLEDOR 60 LB | D51: H | E51: 17588 | G51: =E51*(1+F51) -> 17588 | H51: ICCU 2026
B52: =B51+1 -> 39 | C52: MEZCLADORA 1 1/2 BULTO | D52: D | E52: 103967 | G52: =E52*(1+F52) -> 103967 | H52: ICCU 2026
B53: =B52+1 -> 40 | C53: MOTOBOMBA | D53: D | E53: 95303 | G53: =E53*(1+F53) -> 95303 | H53: ICCU 2026
B54: =B53+1 -> 41 | C54: MOTONIVELADORA 120 HP | D54: H | E54: 207934 | G54: =E54*(1+F54) -> 207934 | H54: ICCU 2026
B55: =B54+1 -> 42 | C55: MOTOSIERRA | D55: H | E55: 15101 | G55: =E55*(1+F55) -> 15101 | H55: ICCU 2026
B56: =B55+1 -> 43 | C56: PALA AUXILIAR 535 | D56: H | E56: 467852 | G56: =E56*(1+F56) -> 467852 | H56: ICCU 2026
B57: =B56+1 -> 44 | C57: PISTOLA PINTURA | D57: D | E57: 20014 | G57: =E57*(1+F57) -> 20014 | H57: ICCU 2026
B58: =B57+1 -> 45 | C58: PULIDA Y DESTRONQUE MARMOL FUNDIDO ENSITIO | D58: M2 | E58: 30289 | G58: =E58*(1+F58) -> 30289 | H58: ICCU 2026
B59: =B58+1 -> 46 | C59: PULIDA Y DESTRONQUE MARMOL N.5 | D59: M2 | E59: 26201 | G59: =E59*(1+F59) -> 26201 | H59: ICCU 2026
... B75: =B74+1 -> 62 | C75: VOLQUETA M3 | D75: H | E75: 83867 | G75: =E75*(1+F75) -> 83867 | H75: ICCU 2026
B76: =B75+1 -> 63
B77: =B76+1 -> 64
B78: =B77+1 -> 65
B79: =B78+1 -> 66
B80: =B79+1 -> 67

Sheet MATERIALES
B2: #VALUE! | C2: =#REF! -> #REF!
C5: ALCALDÍA DE MUNICIPAL DE MOSQUERA
B8: ANÁLISIS DE PRECIOS UNITARIOS
B10: LISTADO DE MATERIALES
B12: MATERIALES
B13: No. | C13: MATERIAL | D13: UNIDAD | E13: VALOR | F13: IPC | G13: VALOR FINAL | H13: OBSERVACION
B14: 1 | C14: ABRAZADERA 1" | D14: UN | E14: 557 | G14: =E14*(F14+1) -> 557 | H14: ICCU 2026
B15: =B14+1 -> 2 | C15: ABRAZADERA 1/2" | D15: UN | E15: 372 | G15: =E15*(1+F15) -> 372 | H15: ICCU 2026
B16: =B15+1 -> 3 | C16: ABRAZADERA 3/4" | D16: UN | E16: 372 | G16: =E16*(1+F16) -> 372 | H16: ICCU 2026
B17: =B16+1 -> 4 | C17: ABRAZADERA AJUSTABLE AMARRE | D17: UN | E17: 7368 | G17: =E17*(1+F17) -> 7368 | H17: ICCU 2026
B18: =B17+1 -> 5 | C18: ABRAZADERA METALICA Y TORNILLO DE SEGURIDAD | D18: UN | E18: 10973 | G18: =E18*(1+F18) -> 10973 | H18: ICCU 2026
B19: =B18+1 -> 6 | C19: ACCESORIO T BANDEJA PORTACABLE | D19: UN | E19: 70241 | G19: =E19*(1+F19) -> 70241 | H19: ICCU 2026
B20: =B19+1 -> 7 | C20: ACCESORIOS DE INSTALACION | D20: UN | E20: 10000 | G20: =E20*(1+F20) -> 10000 | H20: ICCU 2026
B21: =B20+1 -> 8 | C21: ACERO A-36 | D21: KG | E21: 9261 | G21: =E21*(1+F21) -> 9261 | H21: ICCU 2026
B22: =B21+1 -> 9 | C22: ACERO A-588 GRADO B | D22: KG | E22: 12475 | G22: =E22*(1+F22) -> 12475 | H22: ICCU 2026
B23: =B22+1 -> 10 | C23: ACERO DE REFUERZO 37000 PSI | D23: KG | E23: 6132 | G23: =E23*(1+F23) -> 6132 | H23: ICCU 2026
B24: =B23+1 -> 11 | C24: ACERO DE REFUERZO 60000 PSI | D24: KG | E24: 6180 | G24: =E24*(1+F24) -> 6180 | H24: ICCU 2026
B25: =B24+1 -> 12 | C25: ACERO DE REFUERZO FIGURADO 60000 PSI | D25: KG | E25: 8453 | G25: =E25*(1+F25) -> 8453 | H25: ICCU 2026
B26: =B25+1 -> 13 | C26: ACERO DE REFUERZO FIGURADO 60000 PSI INCLUYE AMARRE A VIGA | D26: KG | E26: 8453 | G26: =E26*(1+F26) -> 8453 | H26: ICCU 2026
... B1054: =B1053+1 -> 1041 | C1054: ÁNGULO HIERRO 3/4" X 1/8" | D1054: ML | E1054: 4404 | G1054: =E1054*(1+F1054) -> 4404 | H1054: ICCU 2026
B1055: =B1054+1 -> 1042 | C1055: CAMPAMENTO 18M2 EN TABLA, TEJA DE ETERNIT, INC. TRANS, MATERIALES | D1055: =IFERROR(VLOOKUP(C1055,'LISTA ICCU 2026'!D9:F1065,2,FALSE),"NO ") -> UN | E1055: =IFERROR(VLOOKUP(C1055,'LISTA ICCU 2026'!D9:F1065,3,FALSE),"NO ") -> 3221690 | G1055: =E1055*(1+F1055) -> 3221690 | H1055: ICCU 2026
B1056: =B1055+1 -> 1043 | C1056: CAMPAMENTO 9 M2 CAMPAMENTO 9M2 EN TABLA, TEJA DE ETERNIT, INC. TRANS, MATERIALES | D1056: =IFERROR(VLOOKUP(C1056,'LISTA ICCU 2026'!D10:F1066,2,FALSE),"NO ") -> UN | E1056: =IFERROR(VLOOKUP(C1056,'LISTA ICCU 2026'!D10:F1066,3,FALSE),"NO ") -> 1791322 | G1056: =E1056*(1+F1056) -> 1791322 | H1056: ICCU 2026
B1057: =B1056+1 -> 1044 | C1057: CERCA EN ALAMBRE DE PUA 4 HILOS, INC. POSTE DE MADERA | D1057: =IFERROR(VLOOKUP(C1057,'LISTA ICCU 2026'!D11:F1067,2,FALSE),"NO ") -> ML | E1057: =IFERROR(VLOOKUP(C1057,'LISTA ICCU 2026'!D11:F1067,3,FALSE),"NO ") -> 19160 | G1057: =E1057*(1+F1057) -> 19160 | H1057: ICCU 2026
B1058: =B1057+1 -> 1045 | C1058: CERCA EN ALAMBRE DE PUA 5 HILOS, INC. POSTE DE MADERA | D1058: =IFERROR(VLOOKUP(C1058,'LISTA ICCU 2026'!D12:F1068,2,FALSE),"NO ") -> ML | E1058: =IFERROR(VLOOKUP(C1058,'LISTA ICCU 2026'!D12:F1068,3,FALSE),"NO ") -> 22090 | G1058: =E1058*(1+F1058) -> 22090 | H1058: ICCU 2026
B1059: =B1058+1 -> 1046 | C1059: CERCA EN ALAMBRE DE PUA 6 HILOS, INC. POSTE DE MADERA | D1059: =IFERROR(VLOOKUP(C1059,'LISTA ICCU 2026'!D13:F1069,2,FALSE),"NO ") -> ML | E1059: =IFERROR(VLOOKUP(C1059,'LISTA ICCU 2026'!D13:F1069,3,FALSE),"NO ") -> 25532 | G1059: =E1059*(1+F1059) -> 25532 | H1059: ICCU 2026
B1060: =B1059+1 -> 1047 | C1060: CERCA EN TABLA H=2.30 M | D1060: =IFERROR(VLOOKUP(C1060,'LISTA ICCU 2026'!D14:F1070,2,FALSE),"NO ") -> ML | E1060: =IFERROR(VLOOKUP(C1060,'LISTA ICCU 2026'!D14:F1070,3,FALSE),"NO ") -> 100808 | G1060: =E1060*(1+F1060) -> 100808 | H1060: ICCU 2026
B1061: =B1060+1 -> 1048 | C1061: CERCA EN TEJA DE ZINC H=1.80 M | D1061: =IFERROR(VLOOKUP(C1061,'LISTA ICCU 2026'!D15:F1071,2,FALSE),"NO ") -> ML | E1061: =IFERROR(VLOOKUP(C1061,'LISTA ICCU 2026'!D15:F1071,3,FALSE),"NO ") -> 71324 | G1061: =E1061*(1+F1061) -> 71324 | H1061: ICCU 2026
B1062: =B1061+1 -> 1049 | C1062: CERCA EN TELA VERDE H = 2.10 M | D1062: =IFERROR(VLOOKUP(C1062,'LISTA ICCU 2026'!D16:F1072,2,FALSE),"NO ") -> ML | E1062: =IFERROR(VLOOKUP(C1062,'LISTA ICCU 2026'!D16:F1072,3,FALSE),"NO ") -> 34513 | G1062: =E1062*(1+F1062) -> 34513 | H1062: ICCU 2026
B1063: =B1062+1 -> 1050 | C1063: DEMOLICIÓN ESCALERAS EN CONCRETO, INC RETIRO | D1063: =IFERROR(VLOOKUP(C1063,'LISTA ICCU 2026'!D17:F1073,2,FALSE),"NO ") -> M2 | E1063: =IFERROR(VLOOKUP(C1063,'LISTA ICCU 2026'!D17:F1073,3,FALSE),"NO ") -> 101530 | G1063: =E1063*(1+F1063) -> 101530 | H1063: ICCU 2026
B1064: =B1063+1 -> 1051 | C1064: DEMOLICIÓN BALDOSA DE PISO H=0.02 M, INC RETIRO | D1064: =IFERROR(VLOOKUP(C1064,'LISTA ICCU 2026'!D18:F1074,2,FALSE),"NO ") -> M2 | E1064: =IFERROR(VLOOKUP(C1064,'LISTA ICCU 2026'!D18:F1074,3,FALSE),"NO ") -> 13166 | G1064: =E1064*(1+F1064) -> 13166 | H1064: ICCU 2026
B1065: =B1064+1 -> 1052 | C1065: DEMOLICIÓN BALDOSA DE PISO H=0.04 M, INC RETIRO | D1065: =IFERROR(VLOOKUP(C1065,'LISTA ICCU 2026'!D19:F1075,2,FALSE),"NO ") -> M2 | E1065: =IFERROR(VLOOKUP(C1065,'LISTA ICCU 2026'!D19:F1075,3,FALSE),"NO ") -> 18542 | G1065: =E1065*(1+F1065) -> 18542 | H1065: ICCU 2026
B1066: =B1065+1 -> 1053 | C1066: DEMOLICIÓN ENCHAPE MURO, INC RETIRO | D1066: =IFERROR(VLOOKUP(C1066,'LISTA ICCU 2026'!D20:F1076,2,FALSE),"NO ") -> M2 | E1066: =IFERROR(VLOOKUP(C1066,'LISTA ICCU 2026'!D20:F1076,3,FALSE),"NO ") -> 14116 | G1066: =E1066*(1+F1066) -> 14116 | H1066: ICCU 2026
... B1138: =B1137+1 -> 1125 | C1138: FILTRO FRANCES SECCION 0,40X0,60 (INCLUYE MATERIAL FILTRANTE, GEOTEXTILY TUBERIA DRENAJE 4"). NO INCLUYE EXCAVACION, RELLENO | D1138: =IFERROR(VLOOKUP(C1138,'LISTA ICCU 2026'!D92:F1148,2,FALSE),"NO ") -> ML | E1138: =IFERROR(VLOOKUP(C1138,'LISTA ICCU 2026'!D92:F1148,3,FALSE),"NO ") -> 108261 | G1138: =E1138*(1+F1138) -> 108261 | H1138: ICCU 2026
B1139: =B1138+1 -> 1126 | C1139: CASETÓN DE LONA 0.8 X 0.35 | D1139: =IFERROR(VLOOKUP(C1139,'LISTA ICCU 2026'!D94:F1150,2,FALSE),"NO ") -> M2 | E1139: =IFERROR(VLOOKUP(C1139,'LISTA ICCU 2026'!D94:F1150,3,FALSE),"NO ") -> 46920 | G1139: =E1139*(1+F1139) -> 46920 | H1139: ICCU 2026
B1140: =B1139+1 -> 1127 | C1140: CASETÓN DE LONA 0.80X0.70 | D1140: =IFERROR(VLOOKUP(C1140,'LISTA ICCU 2026'!D95:F1151,2,FALSE),"NO ") -> M2 | E1140: =IFERROR(VLOOKUP(C1140,'LISTA ICCU 2026'!D95:F1151,3,FALSE),"NO ") -> 85105 | G1140: =E1140*(1+F1140) -> 85105 | H1140: ICCU 2026
B1141: =B1140+1 -> 1128 | C1141: COLUMNAS 3500 PSI | D1141: =IFERROR(VLOOKUP(C1141,'LISTA ICCU 2026'!D96:F1152,2,FALSE),"NO ") -> M3 | E1141: =IFERROR(VLOOKUP(C1141,'LISTA ICCU 2026'!D96:F1152,3,FALSE),"NO ") -> 1279454 | G1141: =E1141*(1+F1141) -> 1279454 | H1141: ICCU 2026
B1142: =B1141+1 -> 1129 | C1142: CONCRETO CICLÓPEO 2000 PSI, 40% RAJÓN | D1142: =IFERROR(VLOOKUP(C1142,'LISTA ICCU 2026'!D97:F1153,2,FALSE),"NO ") -> M3 | E1142: =IFERROR(VLOOKUP(C1142,'LISTA ICCU 2026'!D97:F1153,3,FALSE),"NO ") -> 402877 | G1142: =E1142*(1+F1142) -> 402877 | H1142: ICCU 2026
B1143: =B1142+1 -> 1130 | C1143: ENTREPISO LÁMINA COLABORANTE 2", CAL 22, H=10 CM,INCL. MALLA DE REFUERZO, CONCRETO DE 3500 PSI | D1143: =IFERROR(VLOOKUP(C1143,'LISTA ICCU 2026'!D98:F1154,2,FALSE),"NO ") -> M2 | E1143: =IFERROR(VLOOKUP(C1143,'LISTA ICCU 2026'!D98:F1154,3,FALSE),"NO ") -> 192593 | G1143: =E1143*(1+F1143) -> 192593 | H1143: ICCU 2026
B1144: =B1143+1 -> 1131 | C1144: ENTREPISO LÁMINA COLABORANTE 3", CAL 22, H=12 CM,INCL. MALLA DE REFUERZO, CONCRETO DE 3500 PSI | D1144: =IFERROR(VLOOKUP(C1144,'LISTA ICCU 2026'!D99:F1155,2,FALSE),"NO ") -> M2 | E1144: =IFERROR(VLOOKUP(C1144,'LISTA ICCU 2026'!D99:F1155,3,FALSE),"NO ") -> 260603 | G1144: =E1144*(1+F1144) -> 260603 | H1144: ICCU 2026
B1145: =B1144+1 -> 1132 | C1145: ENTREPISOS CASETÓN CON VIGAS, 3500 PSI H=0.30 m (SIN REFUERZO) | D1145: =IFERROR(VLOOKUP(C1145,'LISTA ICCU 2026'!D100:F1156,2,FALSE),"NO ") -> M2 | E1145: =IFERROR(VLOOKUP(C1145,'LISTA ICCU 2026'!D100:F1156,3,FALSE),"NO ") -> 209964 | G1145: =E1145*(1+F1145) -> 209964 | H1145: ICCU 2026
B1146: =B1145+1 -> 1133 | C1146: ENTREPISO CASETÓN CON VIGAS 3500 PSI, H=0.35 M (SIN REFUERZO) | D1146: =IFERROR(VLOOKUP(C1146,'LISTA ICCU 2026'!D101:F1157,2,FALSE),"NO ") -> M2 | E1146: =IFERROR(VLOOKUP(C1146,'LISTA ICCU 2026'!D101:F1157,3,FALSE),"NO ") -> 230996 | G1146: =E1146*(1+F1146) -> 230996 | H1146: ICCU 2026
B1147: =B1146+1 -> 1134 | C1147: ENTREPISO CASETÓN CON VIGAS 3500 PSI, H=0.40 M (SIN REFUERZO) | D1147: =IFERROR(VLOOKUP(C1147,'LISTA ICCU 2026'!D102:F1158,2,FALSE),"NO ") -> M2 | E1147: =IFERROR(VLOOKUP(C1147,'LISTA ICCU 2026'!D102:F1158,3,FALSE),"NO ") -> 254717 | G1147: =E1147*(1+F1147) -> 254717 | H1147: ICCU 2026
B1148: =B1147+1 -> 1135 | C1148: ENTREPISO CASETÓN CON VIGAS 3500 PSI, H=0.45 M (SIN REFUERZO) | D1148: =IFERROR(VLOOKUP(C1148,'LISTA ICCU 2026'!D103:F1159,2,FALSE),"NO ") -> M2 | E1148: =IFERROR(VLOOKUP(C1148,'LISTA ICCU 2026'!D103:F1159,3,FALSE),"NO ") -> 286843 | G1148: =E1148*(1+F1148) -> 286843 | H1148: ICCU 2026
B1149: =B1148+1 -> 1136 | C1149: ENTREPISOS CASETÓN CON VIGAS, 3500 PSI H=0.50 m (SIN REFUERZO) | D1149: =IFERROR(VLOOKUP(C1149,'LISTA ICCU 2026'!D104:F1160,2,FALSE),"NO ") -> M2 | E1149: =IFERROR(VLOOKUP(C1149,'LISTA ICCU 2026'!D104:F1160,3,FALSE),"NO ") -> 318452 | G1149: =E1149*(1+F1149) -> 318452 | H1149: ICCU 2026
B1150: =B1149+1 -> 1137 | C1150: ENTREPISOS VIGUETA 8X23 PLACA 4CM | D1150: =IFERROR(VLOOKUP(C1150,'LISTA ICCU 2026'!D105:F1161,2,FALSE),"NO ") -> M2 | E1150: =IFERROR(VLOOKUP(C1150,'LISTA ICCU 2026'!D105:F1161,3,FALSE),"NO ") -> 159228 | G1150: =E1150*(1+F1150) -> 159228 | H1150: ICCU 2026
... B1226: =B1225+1 -> 1213 | C1226: ANCLAJE 1" | D1226: =IFERROR(VLOOKUP(C1226,'LISTA ICCU 2026'!D181:F1237,2,FALSE),"NO ") -> UN | E1226: =IFERROR(VLOOKUP(C1226,'LISTA ICCU 2026'!D181:F1237,3,FALSE),"NO ") -> 44356 | G1226: =E1226*(1+F1226) -> 44356 | H1226: ICCU 2026
B1227: =B1226+1 -> 1214 | C1227: ENTRAMADO MADERA CIELO RASO | D1227: =IFERROR(VLOOKUP(C1227,'LISTA ICCU 2026'!D184:F1240,2,FALSE),"NO ") -> M2 | E1227: =IFERROR(VLOOKUP(C1227,'LISTA ICCU 2026'!D184:F1240,3,FALSE),"NO ") -> 34201 | G1227: =E1227*(1+F1227) -> 34201 | H1227: ICCU 2026
B1228: =B1227+1 -> 1215 | C1228: FILOS O DILATACIONES B/PLACA | D1228: =IFERROR(VLOOKUP(C1228,'LISTA ICCU 2026'!D185:F1241,2,FALSE),"NO ") -> ML | E1228: =IFERROR(VLOOKUP(C1228,'LISTA ICCU 2026'!D185:F1241,3,FALSE),"NO ") -> 8368 | G1228: =E1228*(1+F1228) -> 8368 | H1228: ICCU 2026
B1229: =B1228+1 -> 1216 | C1229: FILOS O DILATACIONES S/MURO | D1229: =IFERROR(VLOOKUP(C1229,'LISTA ICCU 2026'!D186:F1242,2,FALSE),"NO ") -> ML | E1229: =IFERROR(VLOOKUP(C1229,'LISTA ICCU 2026'!D186:F1242,3,FALSE),"NO ") -> 7959 | G1229: =E1229*(1+F1229) -> 7959 | H1229: ICCU 2026
B1230: =B1229+1 -> 1217 | C1230: GOTERA EN MORTERO 1:4 | D1230: =IFERROR(VLOOKUP(C1230,'LISTA ICCU 2026'!D187:F1243,2,FALSE),"NO ") -> ML | E1230: =IFERROR(VLOOKUP(C1230,'LISTA ICCU 2026'!D187:F1243,3,FALSE),"NO ") -> 14082 | G1230: =E1230*(1+F1230) -> 14082 | H1230: ICCU 2026
B1231: =B1230+1 -> 1218 | C1231: IMPERMEABILIZACIÓN INTEGRAL MORTERO SIKA | D1231: =IFERROR(VLOOKUP(C1231,'LISTA ICCU 2026'!D188:F1244,2,FALSE),"NO ") -> M2 | E1231: =IFERROR(VLOOKUP(C1231,'LISTA ICCU 2026'!D188:F1244,3,FALSE),"NO ") -> 25883 | G1231: =E1231*(1+F1231) -> 25883 | H1231: ICCU 2026
B1232: =B1231+1 -> 1219 | C1232: MALLA BAJO ENTRAMADO | D1232: =IFERROR(VLOOKUP(C1232,'LISTA ICCU 2026'!D189:F1245,2,FALSE),"NO ") -> M2 | E1232: =IFERROR(VLOOKUP(C1232,'LISTA ICCU 2026'!D189:F1245,3,FALSE),"NO ") -> 18387 | G1232: =E1232*(1+F1232) -> 18387 | H1232: ICCU 2026
B1233: =B1232+1 -> 1220 | C1233: PAÑETE BAJO GUADUA 1:5, E=2 CM | D1233: =IFERROR(VLOOKUP(C1233,'LISTA ICCU 2026'!D190:F1246,2,FALSE),"NO ") -> M2 | E1233: =IFERROR(VLOOKUP(C1233,'LISTA ICCU 2026'!D190:F1246,3,FALSE),"NO ") -> 35526 | G1233: =E1233*(1+F1233) -> 35526 | H1233: ICCU 2026
B1234: =B1233+1 -> 1221 | C1234: PAÑETE BAJO GUADUA 1:5, E=2 CM (LINEAL) | D1234: =IFERROR(VLOOKUP(C1234,'LISTA ICCU 2026'!D191:F1247,2,FALSE),"NO ") -> ML | E1234: =IFERROR(VLOOKUP(C1234,'LISTA ICCU 2026'!D191:F1247,3,FALSE),"NO ") -> 22316 | G1234: =E1234*(1+F1234) -> 22316 | H1234: ICCU 2026
B1235: =B1234+1 -> 1222 | C1235: PAÑETE BAJO MALLA 1:4, E=2 CM | D1235: =IFERROR(VLOOKUP(C1235,'LISTA ICCU 2026'!D192:F1248,2,FALSE),"NO ") -> M2 | E1235: =IFERROR(VLOOKUP(C1235,'LISTA ICCU 2026'!D192:F1248,3,FALSE),"NO ") -> 35287 | G1235: =E1235*(1+F1235) -> 35287 | H1235: ICCU 2026
B1236: =B1235+1 -> 1223 | C1236: PAÑETE BAJO MALLA 1:4, E=2 CM (LINEAL) | D1236: =IFERROR(VLOOKUP(C1236,'LISTA ICCU 2026'!D193:F1249,2,FALSE),"NO ") -> ML | E1236: =IFERROR(VLOOKUP(C1236,'LISTA ICCU 2026'!D193:F1249,3,FALSE),"NO ") -> 22900 | G1236: =E1236*(1+F1236) -> 22900 | H1236: ICCU 2026
B1237: =B1236+1 -> 1224 | C1237: PAÑETE BAJO MALLA 1:5, E=2 CM | D1237: =IFERROR(VLOOKUP(C1237,'LISTA ICCU 2026'!D194:F1250,2,FALSE),"NO ") -> M2 | E1237: =IFERROR(VLOOKUP(C1237,'LISTA ICCU 2026'!D194:F1250,3,FALSE),"NO ") -> 34120 | G1237: =E1237*(1+F1237) -> 34120 | H1237: ICCU 2026
B1238: =B1237+1 -> 1225 | C1238: PAÑETE BAJO MALLA 1:5, E=2 CM (LINEAL) | D1238: =IFERROR(VLOOKUP(C1238,'LISTA ICCU 2026'!D195:F1251,2,FALSE),"NO ") -> ML | E1238: =IFERROR(VLOOKUP(C1238,'LISTA ICCU 2026'!D195:F1251,3,FALSE),"NO ") -> 22316 | G1238: =E1238*(1+F1238) -> 22316 | H1238: ICCU 2026
... B1254: =B1253+1 -> 1241 | C1254: PAÑETE RÚSTICO PLACAS 1:5, E=2 CM (LINEAL) | D1254: =IFERROR(VLOOKUP(C1254,'LISTA ICCU 2026'!D211:F1267,2,FALSE),"NO ") -> ML | E1254: =IFERROR(VLOOKUP(C1254,'LISTA ICCU 2026'!D211:F1267,3,FALSE),"NO ") -> 22316 | G1254: =E1254*(1+F1254) -> 22316 | H1254: ICCU 2026
B1255: =B1254+1 -> 1242 | C1255: AFINADO CUBIERTAS PLANAS EN MORTERO 1:4 E=0.03 M | D1255: =IFERROR(VLOOKUP(C1255,'LISTA ICCU 2026'!D214:F1270,2,FALSE),"NO ") -> M2 | E1255: =IFERROR(VLOOKUP(C1255,'LISTA ICCU 2026'!D214:F1270,3,FALSE),"NO ") -> 39324 | G1255: =E1255*(1+F1255) -> 39324 | H1255: ICCU 2026
B1256: =B1255+1 -> 1243 | C1256: AFINADO IMPERMEABILIZADO PARA TEJA DE BARRO EN ASFALTO (INCLUYE TELA IMPERMEABLE) | D1256: =IFERROR(VLOOKUP(C1256,'LISTA ICCU 2026'!D215:F1271,2,FALSE),"NO ") -> M2 | E1256: =IFERROR(VLOOKUP(C1256,'LISTA ICCU 2026'!D215:F1271,3,FALSE),"NO ") -> 62654 | G1256: =E1256*(1+F1256) -> 62654 | H1256: ICCU 2026
B1257: =B1256+1 -> 1244 | C1257: BAJANTE PVC (AMAZONAS, RAINGO) | D1257: =IFERROR(VLOOKUP(C1257,'LISTA ICCU 2026'!D216:F1272,2,FALSE),"NO ") -> ML | E1257: =IFERROR(VLOOKUP(C1257,'LISTA ICCU 2026'!D216:F1272,3,FALSE),"NO ") -> 84363 | G1257: =E1257*(1+F1257) -> 84363 | H1257: ICCU 2026
B1258: =B1257+1 -> 1245 | C1258: BAJANTE PVC AGUAS LLUVIAS D=3" | D1258: =IFERROR(VLOOKUP(C1258,'LISTA ICCU 2026'!D217:F1273,2,FALSE),"NO ") -> ML | E1258: =IFERROR(VLOOKUP(C1258,'LISTA ICCU 2026'!D217:F1273,3,FALSE),"NO ") -> 38478 | G1258: =E1258*(1+F1258) -> 38478 | H1258: ICCU 2026
B1259: =B1258+1 -> 1246 | C1259: BAJANTE PVC AGUAS LLUVIAS D=4" | D1259: =IFERROR(VLOOKUP(C1259,'LISTA ICCU 2026'!D218:F1274,2,FALSE),"NO ") -> ML | E1259: =IFERROR(VLOOKUP(C1259,'LISTA ICCU 2026'!D218:F1274,3,FALSE),"NO ") -> 58929 | G1259: =E1259*(1+F1259) -> 58929 | H1259: ICCU 2026
B1260: =B1259+1 -> 1247 | C1260: CABALLETE ARTICULADO TEJA FIBROCEMENTO | D1260: =IFERROR(VLOOKUP(C1260,'LISTA ICCU 2026'!D219:F1275,2,FALSE),"NO ") -> ML | E1260: =IFERROR(VLOOKUP(C1260,'LISTA ICCU 2026'!D219:F1275,3,FALSE),"NO ") -> 122554 | G1260: =E1260*(1+F1260) -> 122554 | H1260: ICCU 2026
B1261: =B1260+1 -> 1248 | C1261: CABALLETE FIJO TEJA FIBROCEMENTO | D1261: =IFERROR(VLOOKUP(C1261,'LISTA ICCU 2026'!D220:F1276,2,FALSE),"NO ") -> ML | E1261: =IFERROR(VLOOKUP(C1261,'LISTA ICCU 2026'!D220:F1276,3,FALSE),"NO ") -> 98125 | G1261: =E1261*(1+F1261) -> 98125 | H1261: ICCU 2026
B1262: =B1261+1 -> 1249 | C1262: CABALLETE FIJO CANALETA 43 FIBROCEMENTO | D1262: =IFERROR(VLOOKUP(C1262,'LISTA ICCU 2026'!D221:F1277,2,FALSE),"NO ") -> ML | E1262: =IFERROR(VLOOKUP(C1262,'LISTA ICCU 2026'!D221:F1277,3,FALSE),"NO ") -> 56050 | G1262: =E1262*(1+F1262) -> 56050 | H1262: ICCU 2026
B1263: =B1262+1 -> 1250 | C1263: CABALLETE ARTICULADO CANALETA 43 FIBROCEMENTO | D1263: =IFERROR(VLOOKUP(C1263,'LISTA ICCU 2026'!D222:F1278,2,FALSE),"NO ") -> ML | E1263: =IFERROR(VLOOKUP(C1263,'LISTA ICCU 2026'!D222:F1278,3,FALSE),"NO ") -> 131665 | G1263: =E1263*(1+F1263) -> 131665 | H1263: ICCU 2026
B1264: =B1263+1 -> 1251 | C1264: CABALLETE FIJO CANALETA 90 FIBROCEMENTO | D1264: =IFERROR(VLOOKUP(C1264,'LISTA ICCU 2026'!D223:F1279,2,FALSE),"NO ") -> ML | E1264: =IFERROR(VLOOKUP(C1264,'LISTA ICCU 2026'!D223:F1279,3,FALSE),"NO ") -> 159507 | G1264: =E1264*(1+F1264) -> 159507 | H1264: ICCU 2026
B1265: =B1264+1 -> 1252 | C1265: CABALLETE ARTICULADO CANALETA 90 FIBROCEMENTO | D1265: =IFERROR(VLOOKUP(C1265,'LISTA ICCU 2026'!D224:F1280,2,FALSE),"NO ") -> ML | E1265: =IFERROR(VLOOKUP(C1265,'LISTA ICCU 2026'!D224:F1280,3,FALSE),"NO ") -> 232596 | G1265: =E1265*(1+F1265) -> 232596 | H1265: ICCU 2026
B1266: =B1265+1 -> 1253 | C1266: CABALLETE CUBIERTA TERMOACÚSTICA | D1266: =IFERROR(VLOOKUP(C1266,'LISTA ICCU 2026'!D225:F1281,2,FALSE),"NO ") -> ML | E1266: =IFERROR(VLOOKUP(C1266,'LISTA ICCU 2026'!D225:F1281,3,FALSE),"NO ") -> 89478 | G1266: =E1266*(1+F1266) -> 89478 | H1266: ICCU 2026
... B1313: =B1312+1 -> 1300 | C1313: MORTERO IMPERMEABILIZADO 1:3 ARENA LAVADA DE PEÑA | D1313: =IFERROR(VLOOKUP(C1313,'LISTA ICCU 2026'!D272:F1328,2,FALSE),"NO ") -> M3 | E1313: =IFERROR(VLOOKUP(C1313,'LISTA ICCU 2026'!D272:F1328,3,FALSE),"NO ") -> 870336 | G1313: =E1313*(1+F1313) -> 870336 | H1313: ICCU 2026
B1314: =B1313+1 -> 1301 | C1314: BARANDA EN MADERA CEDRO MACHO | D1314: =IFERROR(VLOOKUP(C1314,'LISTA ICCU 2026'!D275:F1331,2,FALSE),"NO ") -> ML | E1314: =IFERROR(VLOOKUP(C1314,'LISTA ICCU 2026'!D275:F1331,3,FALSE),"NO ") -> 195999 | G1314: =E1314*(1+F1314) -> 195999 | H1314: ICCU 2026
B1315: =B1314+1 -> 1302 | C1315: CHAZOS PARA CARPINTERÍA EN MADERA | D1315: =IFERROR(VLOOKUP(C1315,'LISTA ICCU 2026'!D276:F1332,2,FALSE),"NO ") -> UN | E1315: =IFERROR(VLOOKUP(C1315,'LISTA ICCU 2026'!D276:F1332,3,FALSE),"NO ") -> 6862 | G1315: =E1315*(1+F1315) -> 6862 | H1315: ICCU 2026
B1316: =B1315+1 -> 1303 | C1316: DIFUSORES MARCO PARA VIDRIO H= 0.15M | D1316: =IFERROR(VLOOKUP(C1316,'LISTA ICCU 2026'!D277:F1333,2,FALSE),"NO ") -> M2 | E1316: =IFERROR(VLOOKUP(C1316,'LISTA ICCU 2026'!D277:F1333,3,FALSE),"NO ") -> 210257 | G1316: =E1316*(1+F1316) -> 210257 | H1316: ICCU 2026
B1317: =B1316+1 -> 1304 | C1317: DIFUSORES MARCO PARA VIDRIO H= 0.20 M | D1317: =IFERROR(VLOOKUP(C1317,'LISTA ICCU 2026'!D278:F1334,2,FALSE),"NO ") -> M2 | E1317: =IFERROR(VLOOKUP(C1317,'LISTA ICCU 2026'!D278:F1334,3,FALSE),"NO ") -> 269321 | G1317: =E1317*(1+F1317) -> 269321 | H1317: ICCU 2026
B1318: =B1317+1 -> 1305 | C1318: MARCO PUERTA Y ENCHAPE, TABLA CHAPA x 0.15 M | D1318: =IFERROR(VLOOKUP(C1318,'LISTA ICCU 2026'!D279:F1335,2,FALSE),"NO ") -> UN | E1318: =IFERROR(VLOOKUP(C1318,'LISTA ICCU 2026'!D279:F1335,3,FALSE),"NO ") -> 243951 | G1318: =E1318*(1+F1318) -> 243951 | H1318: ICCU 2026
B1319: =B1318+1 -> 1306 | C1319: MARCO PUERTA Y ENCHAPE, TABLA CHAPA x 0.20 M | D1319: =IFERROR(VLOOKUP(C1319,'LISTA ICCU 2026'!D280:F1336,2,FALSE),"NO ") -> UN | E1319: =IFERROR(VLOOKUP(C1319,'LISTA ICCU 2026'!D280:F1336,3,FALSE),"NO ") -> 279852 | G1319: =E1319*(1+F1319) -> 279852 | H1319: ICCU 2026
B1320: =B1319+1 -> 1307 | C1320: MARCO PUERTA Y ENCHAPE, TABLA CHAPA x 0.25 M | D1320: =IFERROR(VLOOKUP(C1320,'LISTA ICCU 2026'!D281:F1337,2,FALSE),"NO ") -> UN | E1320: =IFERROR(VLOOKUP(C1320,'LISTA ICCU 2026'!D281:F1337,3,FALSE),"NO ") -> 306778 | G1320: =E1320*(1+F1320) -> 306778 | H1320: ICCU 2026
B1321: =B1320+1 -> 1308 | C1321: HOJA PUERTA FORTEC 0.81 | D1321: =IFERROR(VLOOKUP(C1321,'LISTA ICCU 2026'!D282:F1338,2,FALSE),"NO ") -> UN | E1321: =IFERROR(VLOOKUP(C1321,'LISTA ICCU 2026'!D282:F1338,3,FALSE),"NO ") -> 288033 | G1321: =E1321*(1+F1321) -> 288033 | H1321: ICCU 2026
B1322: =B1321+1 -> 1309 | C1322: HOJA PUERTA FORTEC 0.91 | D1322: =IFERROR(VLOOKUP(C1322,'LISTA ICCU 2026'!D283:F1339,2,FALSE),"NO ") -> UN | E1322: =IFERROR(VLOOKUP(C1322,'LISTA ICCU 2026'!D283:F1339,3,FALSE),"NO ") -> 325198 | G1322: =E1322*(1+F1322) -> 325198 | H1322: ICCU 2026
B1323: =B1322+1 -> 1310 | C1323: HOJA PUERTA FORTEC 1.50 | D1323: =IFERROR(VLOOKUP(C1323,'LISTA ICCU 2026'!D284:F1340,2,FALSE),"NO ") -> UN | E1323: =IFERROR(VLOOKUP(C1323,'LISTA ICCU 2026'!D284:F1340,3,FALSE),"NO ") -> 473856 | G1323: =E1323*(1+F1323) -> 473856 | H1323: ICCU 2026
B1324: =B1323+1 -> 1311 | C1324: HOJA ENTAMBORADA PUERTA INTERÉS SOCIAL 0.76-1.10 | D1324: =IFERROR(VLOOKUP(C1324,'LISTA ICCU 2026'!D285:F1341,2,FALSE),"NO ") -> UN | E1324: =IFERROR(VLOOKUP(C1324,'LISTA ICCU 2026'!D285:F1341,3,FALSE),"NO ") -> 189816 | G1324: =E1324*(1+F1324) -> 189816 | H1324: ICCU 2026
B1325: =B1324+1 -> 1312 | C1325: HOJA PUERTA ENTAMBORADA TRIPLEX-TABLEX 0.76-1.0 M | D1325: =IFERROR(VLOOKUP(C1325,'LISTA ICCU 2026'!D286:F1342,2,FALSE),"NO ") -> UN | E1325: =IFERROR(VLOOKUP(C1325,'LISTA ICCU 2026'!D286:F1342,3,FALSE),"NO ") -> 247422 | G1325: =E1325*(1+F1325) -> 247422 | H1325: ICCU 2026
... B1443: =B1442+1 -> 1430 | C1443: VÁLVULA DE TOMA Y EXPULSIÓN DE AIRE 1" | D1443: =IFERROR(VLOOKUP(C1443,'LISTA ICCU 2026'!D404:F1460,2,FALSE),"NO ") -> UN | E1443: =IFERROR(VLOOKUP(C1443,'LISTA ICCU 2026'!D404:F1460,3,FALSE),"NO ") -> 444668 | G1443: =E1443*(1+F1443) -> 444668 | H1443: ICCU 2026
B1444: =B1443+1 -> 1431 | D1444: =IFERROR(VLOOKUP(C1444,'LISTA ICCU 2026'!D405:F1461,2,FALSE),"NO ") -> NO | E1444: =IFERROR(VLOOKUP(C1444,'LISTA ICCU 2026'!D405:F1461,3,FALSE),"NO ") -> NO | G1444: =E1444*(1+F1444) -> #VALUE! | H1444: ICCU 2026
B1445: =B1444+1 -> 1432 | C1445: INSTALACIONES ELÉCTRICAS | D1445: =IFERROR(VLOOKUP(C1445,'LISTA ICCU 2026'!D406:F1462,2,FALSE),"NO ") -> 0 | E1445: =IFERROR(VLOOKUP(C1445,'LISTA ICCU 2026'!D406:F1462,3,FALSE),"NO ") -> 0 | G1445: =E1445*(1+F1445) -> 0 | H1445: ICCU 2026
B1446: =B1445+1 -> 1433 | C1446: ACOMETIDA AÉREA 10 M. PVC | D1446: =IFERROR(VLOOKUP(C1446,'LISTA ICCU 2026'!D407:F1463,2,FALSE),"NO ") -> UN | E1446: =IFERROR(VLOOKUP(C1446,'LISTA ICCU 2026'!D407:F1463,3,FALSE),"NO ") -> 529760 | G1446: =E1446*(1+F1446) -> 529760 | H1446: ICCU 2026
B1447: =B1446+1 -> 1434 | C1447: SALIDA LÁMPARA TOMA PVC COMPLETA. INC INTERRUPTOR | D1447: =IFERROR(VLOOKUP(C1447,'LISTA ICCU 2026'!D408:F1464,2,FALSE),"NO ") -> UN | E1447: =IFERROR(VLOOKUP(C1447,'LISTA ICCU 2026'!D408:F1464,3,FALSE),"NO ") -> 105856 | G1447: =E1447*(1+F1447) -> 105856 | H1447: ICCU 2026
B1448: =B1447+1 -> 1435 | C1448: SALIDA LÁMPARA TOMA EMT COMPLETA. INC INTERRUPTOR | D1448: =IFERROR(VLOOKUP(C1448,'LISTA ICCU 2026'!D409:F1465,2,FALSE),"NO ") -> UN | E1448: =IFERROR(VLOOKUP(C1448,'LISTA ICCU 2026'!D409:F1465,3,FALSE),"NO ") -> 126882 | G1448: =E1448*(1+F1448) -> 126882 | H1448: ICCU 2026
B1449: =B1448+1 -> 1436 | C1449: SALIDA LÁMPARA. CONMUTABLE PVC COMPLETA. INC INTERRUPTOR | D1449: =IFERROR(VLOOKUP(C1449,'LISTA ICCU 2026'!D410:F1466,2,FALSE),"NO ") -> UN | E1449: =IFERROR(VLOOKUP(C1449,'LISTA ICCU 2026'!D410:F1466,3,FALSE),"NO ") -> 124800 | G1449: =E1449*(1+F1449) -> 124800 | H1449: ICCU 2026
B1450: =B1449+1 -> 1437 | C1450: SALIDA LÁMPARA CONMUTABLE EMT COMPLETA. INC INTERRUPTOR | D1450: =IFERROR(VLOOKUP(C1450,'LISTA ICCU 2026'!D411:F1467,2,FALSE),"NO ") -> UN | E1450: =IFERROR(VLOOKUP(C1450,'LISTA ICCU 2026'!D411:F1467,3,FALSE),"NO ") -> 151500 | G1450: =E1450*(1+F1450) -> 151500 | H1450: ICCU 2026
B1451: =B1450+1 -> 1438 | C1451: SALIDA TELÉFONO PVC COMPLETA | D1451: =IFERROR(VLOOKUP(C1451,'LISTA ICCU 2026'!D412:F1468,2,FALSE),"NO ") -> UN | E1451: =IFERROR(VLOOKUP(C1451,'LISTA ICCU 2026'!D412:F1468,3,FALSE),"NO ") -> 87192 | G1451: =E1451*(1+F1451) -> 87192 | H1451: ICCU 2026
B1452: =B1451+1 -> 1439 | C1452: SALIDA TIMBRE PVC COMPLETA | D1452: =IFERROR(VLOOKUP(C1452,'LISTA ICCU 2026'!D413:F1469,2,FALSE),"NO ") -> UN | E1452: =IFERROR(VLOOKUP(C1452,'LISTA ICCU 2026'!D413:F1469,3,FALSE),"NO ") -> 96475 | G1452: =E1452*(1+F1452) -> 96475 | H1452: ICCU 2026
B1453: =B1452+1 -> 1440 | C1453: STRIP TELEFÓNICO 10 PARES | D1453: =IFERROR(VLOOKUP(C1453,'LISTA ICCU 2026'!D414:F1470,2,FALSE),"NO ") -> UN | E1453: =IFERROR(VLOOKUP(C1453,'LISTA ICCU 2026'!D414:F1470,3,FALSE),"NO ") -> 189885 | G1453: =E1453*(1+F1453) -> 189885 | H1453: ICCU 2026
B1454: =B1453+1 -> 1441 | C1454: SALIDA TOMA DOBLE PVC COMPLETA | D1454: =IFERROR(VLOOKUP(C1454,'LISTA ICCU 2026'!D415:F1471,2,FALSE),"NO ") -> UN | E1454: =IFERROR(VLOOKUP(C1454,'LISTA ICCU 2026'!D415:F1471,3,FALSE),"NO ") -> 101544 | G1454: =E1454*(1+F1454) -> 101544 | H1454: ICCU 2026
B1455: =B1454+1 -> 1442 | C1455: SALIDA TRIFÁSICA PVC COMPLETA | D1455: =IFERROR(VLOOKUP(C1455,'LISTA ICCU 2026'!D416:F1472,2,FALSE),"NO ") -> UN | E1455: =IFERROR(VLOOKUP(C1455,'LISTA ICCU 2026'!D416:F1472,3,FALSE),"NO ") -> 179823 | G1455: =E1455*(1+F1455) -> 179823 | H1455: ICCU 2026
B1456: =B1455+1 -> 1443 | C1456: SALIDA T.V PVC COMPLETA. | D1456: =IFERROR(VLOOKUP(C1456,'LISTA ICCU 2026'!D417:F1473,2,FALSE),"NO ") -> UN | E1456: =IFERROR(VLOOKUP(C1456,'LISTA ICCU 2026'!D417:F1473,3,FALSE),"NO ") -> 112524 | G1456: =E1456*(1+F1456) -> 112524 | H1456: ICCU 2026
... B1578: =B1577+1 -> 1565 | C1578: LUMINARIA LED - 60W - 4000K/6000K - IP65 - IK08 - INTEGRADA CON SISTEMA SOLAR - PANEL FV MONOCRISTALINO - BATERÍA DE LITIO | D1578: =IFERROR(VLOOKUP(C1578,'LISTA ICCU 2026'!D539:F1595,2,FALSE),"NO ") -> UN | E1578: =IFERROR(VLOOKUP(C1578,'LISTA ICCU 2026'!D539:F1595,3,FALSE),"NO ") -> 355223 | G1578: =E1578*(1+F1578) -> 355223 | H1578: ICCU 2026
B1579: =B1578+1 -> 1566 | C1579: POSTE CONCRETO 12m - 510kgf | D1579: =IFERROR(VLOOKUP(C1579,'LISTA ICCU 2026'!D543:F1599,2,FALSE),"NO ") -> UN | E1579: =IFERROR(VLOOKUP(C1579,'LISTA ICCU 2026'!D543:F1599,3,FALSE),"NO ") -> 1380929 | G1579: =E1579*(1+F1579) -> 1380929 | H1579: ICCU 2026
...

Sheet MANO DE OBRA
B2: #VALUE! | C2: =#REF! -> #REF!
C5: ALCALDÍA DE MUNICIPAL DE MOSQUERA
B8: ANÁLISIS DE PRECIOS UNITARIOS
B10: LISTADO DE CUADRILLAS
B12: MANO DE OBRA
B13: No. | C13: CUADRILLA | D13: UNIDAD | E13: V. JORNAL | G13: IPC | H13: V. JORNAL FINAL | I13: PRESTACIONES | J13: CON PRESTACIONES%
B14: 1 | C14: AA- 1 OFICIAL + 1 AYUDANTE ALBAÑILERÍA | D14: JR | E14: 190265 | H14: =E14*(G14+1) -> 190265 | I14: 2 | J14: =IFERROR(ROUND(H14*I14,0),0) -> 380530
B15: 2 | C15: 1 AYUDANTE ALBAÑILERÍA | D15: JR | E15: 75872.5 | H15: =E15*(G15+1) -> 75872.5 | I15: 2 | J15: =IFERROR(ROUND(H15*I15,0),0) -> 151745
B16: 3 | C16: 2 AYUDANTE ALBAÑILERÍA | D16: JR | E16: 151745 | H16: =E16*(G16+1) -> 151745 | I16: 2 | J16: =IFERROR(ROUND(H16*I16,0),0) -> 303490
B17: 4 | C17: FF - 1 OFICIAL + AYUDANTE ELECTRICIDAD | D17: JR | E17: 212968.89 | H17: =E17*(G17+1) -> 212968.89 | I17: 2 | J17: =IFERROR(ROUND(H17*I17,0),0) -> 425938
B18: 5 | C18: FF - 1 OFICIAL + AYUDANTE CABLEADO ESTRUC. | D18: JR | E18: 248532.5 | H18: =E18*(G18+1) -> 248532.5 | I18: 2 | J18: =IFERROR(ROUND(H18*I18,0),0) -> 497065
B19: 6 | C19: 1 OFICIAL DE ELECTRICIDAD | D19: JR | E19: 95295.52 | H19: =E19*(G19+1) -> 95295.52 | I19: 2 | J19: =IFERROR(ROUND(H19*I19,0),0) -> 190591
B20: 7 | C20: 1 OFICIAL + AYUDANTE HyS | D20: JR | E20: 208071.7 | H20: =E20*(G20+1) -> 208071.7 | I20: 2 | J20: =IFERROR(ROUND(H20*I20,0),0) -> 416143
B21: 8 | C21: 1 OFICIAL HyS | D21: JR | E21: 95295.52 | H21: =E21*(G21+1) -> 95295.52 | I21: 2 | J21: =IFERROR(ROUND(H21*I21,0),0) -> 190591
B22: 9 | C22: 1 OFICIAL + AYUDANTE RED CONTRA INCENDIO | D22: JR | E22: 161506.9 | H22: =E22*(G22+1) -> 161506.9 | I22: 2 | J22: =IFERROR(ROUND(H22*I22,0),0) -> 323014
B23: 10 | C23: 1 OFICIAL + AYUDANTE AIRE ACONDICIONADO | D23: JR | E23: 161320.97 | H23: =E23*(G23+1) -> 161320.97 | I23: 2 | J23: =IFERROR(ROUND(H23*I23,0),0) -> 322642
B24: 11 | C24: CUADRILLA INSTALACIÓN | D24: JR | E24: 161320.97 | H24: =E24*(G24+1) -> 161320.97 | I24: 2 | J24: =IFERROR(ROUND(H24*I24,0),0) -> 322642
B25: 12 | C25: 1 OFICIAL + AYUDANTE DE PINTURA | D25: JR | E25: 227348.28 | H25: =E25*(G25+1) -> 227348.28 | I25: 2 | J25: =IFERROR(ROUND(H25*I25,0),0) -> 454697
... B33: 20 | C33: COORDINADOR BIM | D33: JR | E33: 150000 | H33: =E33*(G33+1) -> 150000 | I33: 2 | J33: =IFERROR(ROUND(H33*I33,0),0) -> 300000
B162: MATERIALES
B163: No. | C163: MATERIAL | H163: UNIDAD | I163: VALOR | J163: OBSERVACION

Sheet TRANSPORTE
B2: #VALUE! | C2: =#REF! -> #REF!
C5: ALCALDÍA DE MUNICIPAL DE MOSQUERA
B8: ANÁLISIS DE PRECIOS UNITARIOS
B10: LISTADO DE TRANSPORTE
B12: TRANSPORTE
B13: No. | C13: TRANSPORTE | D13: UNIDAD | E13: VALOR | F13: IPC | G13: VALOR FINAL | H13: OBSERVACION
B14: 1 | C14: CAMIONETA | D14: D | E14: 514637 | G14: =E14*(1+F14) -> 514637 | H14: ICCU 2026
B15: 2 | C15: CARROTANQUE DE AGUA 10.000 LITROS | D15: H | E15: 149084 | G15: =E15*(1+F15) -> 149084 | H15: ICCU 2026
B16: 3 | C16: VOLQUETA | D16: H | E16: 83867 | G16: =E16*(1+F16) -> 83867 | H16: ICCU 2026
B17: 4 | C17: GRÚA EXTENSIÓN PARA POSTES — CONDICIONAL | D17: H | E17: 116097 | G17: =E17*(1+F17) -> 116097 | H17: ICCU 2026
B18: 5 | C18: GRÚA PH 20 TON — CONDICIONAL | D18: D | E18: 1746646 | G18: =E18*(1+F18) -> 1746646 | H18: ICCU 2026
B19: 6 | C19: VEHÍCULO DELINEADOR — CONDICIONAL | D19: H | E19: 162383 | G19: =E19*(1+F19) -> 162383 | H19: ICCU 2026
B20: =B19+1 -> 7
B21: =B20+1 -> 8
B22: =B21+1 -> 9
B23: =B22+1 -> 10
B24: =B23+1 -> 11
B25: =B24+1 -> 12
B26: =B25+1 -> 13
B27: =B26+1 -> 14
B28: =B27+1 -> 15

Sheet LISTA ICCU 2026
B2: GOBERNACIÓN DE CUNDINAMARCA LISTA DE PRECIOS CONSTRUCCIÓN, URBANISMO Y VÍAS (2026)
C3: PROVINCIA: SABANA OCCIDENTE
B4: ESTOS PRECIOS CONTEMPLAN SUMINISTRO, INSTALACIÓN Y TRANSPORTE
B6: ÍTEM | D6: DESCRIPCIÓN | E6: UNIDAD | F6: Mosquera
B7: CONSTRUCCIÓN
B8: 1 | D8: PRELIMINARES
B9: 1.1 | D9: CAMPAMENTO 18M2 EN TABLA, TEJA DE ETERNIT, INC. TRANS, MATERIALES | E9: UN | F9: 3221690 | G9: =H9&" - C" -> 1,1 - C | H9: =ROUND(B9,2) -> 1.1
B10: 1.2 | D10: CAMPAMENTO 9 M2 CAMPAMENTO 9M2 EN TABLA, TEJA DE ETERNIT, INC. TRANS, MATERIALES | E10: UN | F10: 1791322 | G10: =H10&" - C" -> 1,2 - C | H10: =ROUND(B10,2) -> 1.2
B11: 1.3 | D11: CERCA EN ALAMBRE DE PUA 4 HILOS, INC. POSTE DE MADERA | E11: ML | F11: 19160 | G11: =H11&" - C" -> 1,3 - C | H11: =ROUND(B11,2) -> 1.3
B12: 1.4 | D12: CERCA EN ALAMBRE DE PUA 5 HILOS, INC. POSTE DE MADERA | E12: ML | F12: 22090 | G12: =H12&" - C" -> 1,4 - C | H12: =ROUND(B12,2) -> 1.4
B13: 1.5 | D13: CERCA EN ALAMBRE DE PUA 6 HILOS, INC. POSTE DE MADERA | E13: ML | F13: 25532 | G13: =H13&" - C" -> 1,5 - C | H13: =ROUND(B13,2) -> 1.5
B14: 1.6 | D14: CERCA EN TABLA H=2.30 M | E14: ML | F14: 100808 | G14: =H14&" - C" -> 1,6 - C | H14: =ROUND(B14,2) -> 1.6
B15: 1.7 | D15: CERCA EN TEJA DE ZINC H=1.80 M | E15: ML | F15: 71324 | G15: =H15&" - C" -> 1,7 - C | H15: =ROUND(B15,2) -> 1.7
B16: 1.8 | D16: CERCA EN TELA VERDE H = 2.10 M | E16: ML | F16: 34513 | G16: =H16&" - C" -> 1,8 - C | H16: =ROUND(B16,2) -> 1.8
B17: 1.9 | D17: DEMOLICIÓN ESCALERAS EN CONCRETO, INC RETIRO | E17: M2 | F17: 101530 | G17: =H17&" - C" -> 1,9 - C | H17: =ROUND(B17,2) -> 1.9
B18: 1.1 | D18: DEMOLICIÓN BALDOSA DE PISO H=0.02 M, INC RETIRO | E18: M2 | F18: 13166 | G18: =SUBSTITUTE(TEXT(B18,"0,00"),",",".")&" - C" -> 1.10 - C | H18: =ROUND(B18,3) -> 1.1
B19: 1.11 | D19: DEMOLICIÓN BALDOSA DE PISO H=0.04 M, INC RETIRO | E19: M2 | F19: 18542 | G19: =H19&" - C" -> 1,11 - C | H19: =ROUND(B19,2) -> 1.11
B20: 1.12 | D20: DEMOLICIÓN ENCHAPE MURO, INC RETIRO | E20: M2 | F20: 14116 | G20: =H20&" - C" -> 1,12 - C | H20: =ROUND(B20,2) -> 1.12
B21: 1.13 | D21: DEMOLICIÓN PAÑETE MURO, INC RETIRO | E21: M2 | F21: 14955 | G21: =H21&" - C" -> 1,13 - C | H21: =ROUND(B21,2) -> 1.13
B22: 1.14 | D22: DEMOLICIÓN CIELO RASO FALSO, INC RETIRO | E22: M2 | F22: 19555 | G22: =H22&" - C" -> 1,14 - C | H22: =ROUND(B22,2) -> 1.14
B23: 1.15 | D23: DEMOLICIÓN ADOQUÍN SOBRE ARENA, H=0.15 m, INC RETIRO | E23: M2 | F23: 16736 | G23: =H23&" - C" -> 1,15 - C | H23: =ROUND(B23,2) -> 1.15
B24: 1.16 | D24: DEMOLICIÓN MUROS EN MAMPOSTERÍA 0.15 M, INC RETIRO | E24: M2 | F24: 26178 | G24: =H24&" - C" -> 1,16 - C | H24: =ROUND(B24,2) -> 1.16
B25: 1.17 | D25: DEMOLICIÓN MUROS EN MAMAPOSTERÍA 0.25 M, INC RETIRO | E25: M2 | F25: 34942 | G25: =H25&" - C" -> 1,17 - C | H25: =ROUND(B25,2) -> 1.17
B26: 1.18 | D26: DEMOLICIÓN PLACA ALIGERADA 0.30 M, INC RETIRO | E26: M2 | F26: 52972 | G26: =H26&" - C" -> 1,18 - C | H26: =ROUND(B26,2) -> 1.18
B27: 1.19 | D27: DEMOLICIÓN PLACA ALIGERADA 0.40 M, INC RETIRO | E27: M2 | F27: 71917 | G27: =H27&" - C" -> 1,19 - C | H27: =ROUND(B27,2) -> 1.19
B28: 1.2 | D28: DEMOLICIÓN PLACA ALIGERADA 0.50 M, INC RETIRO | E28: M2 | F28: 87588 | G28: =SUBSTITUTE(TEXT(B28,"0,00"),",",".")&" - C" -> 1.20 - C | H28: =ROUND(B28,3) -> 1.2
B29: 1.21 | D29: DEMOLICIÓN PLACA MACIZA 0.15 M, INC RETIRO | E29: M2 | F29: 47422 | G29: =H29&" - C" -> 1,21 - C | H29: =ROUND(B29,2) -> 1.21
B30: 1.22 | D30: DEMOLICIÓN PLACA MACIZA 0.20 M, INC RETIRO | E30: M2 | F30: 64928 | G30: =H30&" - C" -> 1,22 - C | H30: =ROUND(B30,2) -> 1.22
B31: 1.23 | D31: DEMOLICIÓN PLACA MACIZA 0.25 M, INC RETIRO | E31: M2 | F31: 88053 | G31: =H31&" - C" -> 1,23 - C | H31: =ROUND(B31,2) -> 1.23
B32: 1.24 | D32: DEMOLICIÓN PLACA MACIZA 0.30 M, INC RETIRO | E32: M2 | F32: 101530 | G32: =H32&" - C" -> 1,24 - C | H32: =ROUND(B32,2) -> 1.24
B33: 1.25 | D33: DEMOLICIÓN PLACA PISO 0.05 M, INC RETIRO | E33: M2 | F33: 17681 | G33: =H33&" - C" -> 1,25 - C | H33: =ROUND(B33,2) -> 1.25
B34: 1.26 | D34: DEMOLICIÓN PLACA PISO 0.10 M, INC RETIRO | E34: M2 | F34: 29615 | G34: =H34&" - C" -> 1,26 - C | H34: =ROUND(B34,2) -> 1.26
B35: 1.27 | D35: DEMOLICIÓN PLACA PISO 0.15 M, INC RETIRO | E35: M2 | F35: 42423 | G35: =H35&" - C" -> 1,27 - C | H35: =ROUND(B35,2) -> 1.27
B36: 1.28 | D36: DEMOLICIÓN PLACA PISO 0.20 M, INC RETIRO | E36: M2 | F36: 60100 | G36: =H36&" - C" -> 1,28 - C | H36: =ROUND(B36,2) -> 1.28
B37: 1.29 | D37: DEMOLICIÓN VIGAS Y COLUMNAS, INC RETIRO | E37: M3 | F37: 324368 | G37: =H37&" - C" -> 1,29 - C | H37: =ROUND(B37,2) -> 1.29
B38: 1.3 | D38: DESCAPOTE A MAQUINA E=0.20 M, INC RETIRO | E38: M2 | F38: 2142 | G38: =SUBSTITUTE(TEXT(B38,"0,00"),",",".")&" - C" -> 1.30 - C | H38: =ROUND(B38,2) -> 1.3
B39: 1.31 | D39: DESCAPOTE MANUAL Y RETIRO E= 0.20 M APILE A 15 M | E39: M2 | F39: 11851 | G39: =H39&" - C" -> 1,31 - C | H39: =ROUND(B39,2) -> 1.31
B40: 1.32 | D40: DESMONTE APARATOS SANITARIOS, INC RETIRO | E40: UN | F40: 40253 | G40: =H40&" - C" -> 1,32 - C | H40: =ROUND(B40,2) -> 1.32
B41: 1.33 | D41: DESMONTE DE CUBIERTAS (TEJA DE BARRO), INC RETIRO | E41: M2 | F41: 23049 | G41: =H41&" - C" -> 1,33 - C | H41: =ROUND(B41,2) -> 1.33
B42: 1.34 | D42: DESMONTE DE CUBIERTAS (ASBESTO CEMENTO), INC RETIRO | E42: M2 | F42: 21651 | G42: =H42&" - C" -> 1,34 - C | H42: =ROUND(B42,2) -> 1.34
B43: 1.35 | D43: DESMONTE DE CUBIERTAS (TERMOACÚSTICA), INC RETIRO | E43: M2 | F43: 20064 | G43: =H43&" - C" -> 1,35 - C | H43: =ROUND(B43,2) -> 1.35
B44: 1.36 | D44: DESMONTE DE CUBIERTAS (TEJA DE ZINC), INC RETIRO | E44: M2 | F44: 19374 | G44: =H44&" - C" -> 1,36 - C | H44: =ROUND(B44,2) -> 1.36
B45: 1.37 | D45: DESMONTE MUROS SECOS, INC RETIRO | E45: M2 | F45: 29910 | G45: =H45&" - C" -> 1,37 - C | H45: =ROUND(B45,2) -> 1.37
B46: 1.38 | D46: DESMONTE MARCOS Y PUERTAS, INC RETIRO | E46: UN | F46: 26090 | G46: =H46&" - C" -> 1,38 - C | H46: =ROUND(B46,2) -> 1.38
B47: 1.39 | D47: DESMONTE VENTANAS, INC RETIRO | E47: M2 | F47: 18338 | G47: =H47&" - C" -> 1,39 - C | H47: =ROUND(B47,2) -> 1.39
B48: 1.4 | D48: LETRINA DE 2.0x1.0 | E48: UN | F48: 1349042 | G48: =SUBSTITUTE(TEXT(B48,"0,00"),",",".")&" - C" -> 1.40 - C | H48: =ROUND(B48,2) -> 1.4
B49: 1.41 | D49: LOCALIZACIÓN Y REPLANTEO DE CIMIENTOS CON ELEMENTOS DE PRESICIÓN | E49: M2 | F49: 6661 | G49: =H49&" - C" -> 1,41 - C | H49: =ROUND(B49,2) -> 1.41
B50: 1.42 | D50: REPLANTEO MANUAL DE CIMIENTOS | E50: M2 | F50: 4926 | G50: =H50&" - C" -> 1,42 - C | H50: =ROUND(B50,2) -> 1.42
B51: 1.43 | D51: RED ELÉCTRICA PROVISIONAL L=50M | E51: UN | F51: 4273110 | G51: =H51&" - C" -> 1,43 - C | H51: =ROUND(B51,2) -> 1.43
B52: 1.44 | D52: RED TELEFÓNICA PROVISIONAL | E52: UN | F52: 388226 | G52: =H52&" - C" -> 1,44 - C | H52: =ROUND(B52,2) -> 1.44
B53: 1.45 | D53: RETIRO DE SOBRANTES A UNA DISTANCIA DE 5 KM (INCLUYE CARGUE) | E53: M3 | F53: 12762 | G53: =H53&" - C" -> 1,45 - C | H53: =ROUND(B53,2) -> 1.45
B54: 1.46 | D54: RETIRO DE SOBRANTES A UNA DISTANCIA DE 5 KM (INCLUYE CARGUE Y BOTADERO AUTORIZADO) | E54: M3 | F54: 17962 | G54: =H54&" - C" -> 1,46 - C | H54: =ROUND(B54,2) -> 1.46
B55: 2 | D55: CIMIENTOS | G55: =H55&" - C" -> 2 - C | H55: =ROUND(B55,2) -> 2
B56: 2.1 | D56: BASE AGREGADO PÉTREO (MATERIAL DE AFIRMADO) | E56: M3 | F56: 109894 | G56: =H56&" - C" -> 2,1 - C | H56: =ROUND(B56,2) -> 2.1
B57: 2.2 | D57: BASE ARENA CEMENTO 1:20 | E57: M3 | F57: 303340 | G57: =H57&" - C" -> 2,2 - C | H57: =ROUND(B57,2) -> 2.2
B58: 2.3 | D58: DEMOLICIÓN CABEZAS DE PILOTES, INC RETIRO | E58: M3 | F58: 383747 | G58: =H58&" - C" -> 2,3 - C | H58: =ROUND(B58,2) -> 2.3
B59: 2.4 | D59: DEMOLICIÓN CIMIENTO ENTERRADO, INC RETIRO | E59: M3 | F59: 315727 | G59: =H59&" - C" -> 2,4 - C | H59: =ROUND(B59,2) -> 2.4
B60: 2.5 | D60: IMPERMEABILIZACIÓN INTEGRAL MORTERO XYPEX | E60: M2 | F60: 55037 | G60: =H60&" - C" -> 2,5 - C | H60: =ROUND(B60,2) -> 2.5
B61: 2.6 | D61: SOBRECIMIENTOS CONCRETO 3000 PSI 25x25 | E61: M3 | F61: 930207 | G61: =H61&" - C" -> 2,6 - C | H61: =ROUND(B61,2) -> 2.6
B62: 2.7 | D62: VIGA DE AMARRE EN CONCRETO 3500 PSI | E62: M3 | F62: 1042683 | G62: =H62&" - C" -> 2,7 - C | H62: =ROUND(B62,2) -> 2.7
B63: 2.8 | D63: ZAPATAS EN CONCRETO 3500 PSI | E63: M3 | F63: 949754 | G63: =H63&" - C" -> 2,8 - C | H63: =ROUND(B63,2) -> 2.8
B64: 2.9 | D64: PILOTE DE MADERA D=20 CM | E64: ML | F64: 74689 | G64: =H64&" - C" -> 2,9 - C | H64: =ROUND(B64,2) -> 2.9
B65: 2.1 | D65: PILOTE PRE EXCAVADO D=20 CM (INCLUYE RETIRO DE SOBRANTES A UNA DISTANCIA MENOR DE 5 KM), INC. BOMBA | E65: ML | F65: 237124 | G65: =SUBSTITUTE(TEXT(B65,"0,00"),",",".")&" - C" -> 2.10 - C | H65: =ROUND(B65,2) -> 2.1
B66: 2.11 | D66: PILOTE PRE EXCAVADO D=30 CM (INCLUYE RETIRO DE SOBRANTES A UNA DISTANCIA MENOR DE 5 KM), INC. BOMBA | E66: ML | F66: 294355 | G66: =H66&" - C" -> 2,11 - C | H66: =ROUND(B66,2) -> 2.11
B67: 2.12 | D67: PILOTE PRE EXCAVADO D=40 CM (INCLUYE RETIRO DE SOBRANTES A UNA DISTANCIA MENOR DE 5 KM), INC. BOMBA | E67: ML | F67: 370880 | G67: =H67&" - C" -> 2,12 - C | H67: =ROUND(B67,2) -> 2.12
B68: 2.13 | D68: PILOTE PRE EXCAVADO D=50 CM (INCLUYE RETIRO DE SOBRANTES A UNA DISTANCIA MENOR DE 5 KM), INC. BOMBA | E68: ML | F68: 466332 | G68: =H68&" - C" -> 2,13 - C | H68: =ROUND(B68,2) -> 2.13
B69: 2.14 | D69: PILOTE HINCADO 25X25 | E69: ML | F69: 164808 | G69: =H69&" - C" -> 2,14 - C | H69: =ROUND(B69,2) -> 2.14
B70: 2.15 | D70: PILOTE HINCADO 30X30 | E70: ML | F70: 205621 | G70: =H70&" - C" -> 2,15 - C | H70: =ROUND(B70,2) -> 2.15
B71: 2.16 | D71: DADOS EN CONCRETO 3500PSI | E71: M3 | F71: 949754 | G71: =H71&" - C" -> 2,16 - C | H71: =ROUND(B71,2) -> 2.16
B72: 2.17 | D72: MICROPILOTE D=6" (INCLUYE RETIRO DE SOBRANTES A UNA DISTANCIA MENOR DE 5 KM), INC. BOMBA | E72: ML | F72: 135189 | G72: =H72&" - C" -> 2,17 - C | H72: =ROUND(B72,2) -> 2.17
B73: 3 | D73: DESAGÜES E INSTALACIONES SUBTERRÁNEAS | G73: =H73&" - C" -> 3 - C | H73: =ROUND(B73,2) -> 3
B74: 3.1 | D74: SIFÓN PARA DRENAJE EN PVC DE 4" | E74: UN | F74: 62853 | G74: =H74&" - C" -> 3,1 - C | H74: =ROUND(B74,2) -> 3.1
B75: 3.2 | D75: SIFÓN EN PVC 6" | E75: UN | F75: 300102 | G75: =H75&" - C" -> 3,2 - C | H75: =ROUND(B75,2) -> 3.2
B76: 3.3 | D76: CAJA DE INSPECCIÓN DE 100X100 | E76: UN | F76: 649089 | G76: =H76&" - C" -> 3,3 - C | H76: =ROUND(B76,2) -> 3.3
B77: 3.4 | D77: CAJA DE INSPECCIÓN DE 40X40 | E77: UN | F77: 285357 | G77: =H77&" - C" -> 3,4 - C | H77: =ROUND(B77,2) -> 3.4
B78: 3.5 | D78: CAJA DE INSPECCIÓN DE 60X60 | E78: UN | F78: 364975 | G78: =H78&" - C" -> 3,5 - C | H78: =ROUND(B78,2) -> 3.5
B79: 3.6 | D79: CAJA DE INSPECCIÓN DE 80X80 | E79: UN | F79: 495188 | G79: =H79&" - C" -> 3,6 - C | H79: =ROUND(B79,2) -> 3.6
B80: 3.7 | D80: DUCTO ELÉCTRICO PVC 4" | E80: ML | F80: 51208 | G80: =H80&" - C" -> 3,7 - C | H80: =ROUND(B80,2) -> 3.7
B81: 3.8 | D81: POZO SÉPTICO ETERNIT 1000 LT | E81: UN | F81: 1922733 | G81: =H81&" - C" -> 3,8 - C | H81: =ROUND(B81,2) -> 3.8
B82: 3.9 | D82: TUBERÍA CONCRETO CLASE I SIN REFUERZO 12" , INC BASE ARENA CEMENTO 1:20 | E82: ML | F82: 138591 | G82: =H82&" - C" -> 3,9 - C | H82: =ROUND(B82,2) -> 3.9
B83: 3.1 | D83: TUBERÍA CONCRETO CLASE II SIN REFUERZO 8" , INC BASE ARENA CEMENTO 1:20 | E83: ML | F83: 100548 | G83: =SUBSTITUTE(TEXT(B83,"0,00"),",",".")&" - C" -> 3.10 - C | H83: =ROUND(B83,2) -> 3.1
B84: 3.11 | D84: TUBERÍA DRENAJE PVC 110, INC TRITURADO | E84: ML | F84: 35041 | G84: =H84&" - C" -> 3,11 - C | H84: =ROUND(B84,2) -> 3.11
B85: 3.12 | D85: TUBERÍA DRENAJE PVC 160, INC TRITURADO | E85: ML | F85: 59855 | G85: =H85&" - C" -> 3,12 - C | H85: =ROUND(B85,2) -> 3.12
B86: 3.13 | D86: TUBERÍA DRENAJE PVC 200, INC TRITURADO | E86: ML | F86: 80556 | G86: =H86&" - C" -> 3,13 - C | H86: =ROUND(B86,2) -> 3.13
B87: 3.14 | D87: TUBERÍA DRENAJE PVC 250, INC TRITURADO | E87: ML | F87: 115499 | G87: =H87&" - C" -> 3,14 - C | H87: =ROUND(B87,2) -> 3.14
B88: 3.15 | D88: TUBERÍA DRENAJE PVC 315, INC TRITURADO | E88: ML | F88: 165190 | G88: =H88&" - C" -> 3,15 - C | H88: =ROUND(B88,2) -> 3.15
B89: 3.16 | D89: SISTEMA SÉPTICO CON FILTRO ANAEROBIO 500LT (INCLUYE MATERIAL FILTRANTE) | E89: UN | F89: 1475863 | G89: =H89&" - C" -> 3,16 - C | H89: =ROUND(B89,2) -> 3.16
B90: 3.17 | D90: SISTEMA SÉPTICO CON FILTRO ANAEROBIO 1000LT (INCLUYE MATERIAL FILTRANTE) | E90: UN | F90: 2099081 | G90: =H90&" - C" -> 3,17 - C | H90: =ROUND(B90,2) -> 3.17
B91: 3.18 | D91: SISTEMA SÉPTICO CON FILTRO ANAEROBIO 2000LT (INCLUYE MATERIAL FILTRANTE) | E91: UN | F91: 2790022 | G91: =H91&" - C" -> 3,18 - C | H91: =ROUND(B91,2) -> 3.18
B92: 3.19 | D92: FILTRO FRANCES SECCION 0,40X0,60 (INCLUYE MATERIAL FILTRANTE, GEOTEXTILY TUBERIA DRENAJE 4"). NO INCLUYE EXCAVACION, RELLENO | E92: ML | F92: 108261 | G92: =H92&" - C" -> 3,19 - C | H92: =ROUND(B92,2) -> 3.19
B93: 4 | D93: ESTRUCTURAS EN CONCRETO | G93: =H93&" - C" -> 4 - C | H93: =ROUND(B93,2) -> 4
B94: 4.1 | D94: CASETÓN DE LONA 0.8 X 0.35 | E94: M2 | F94: 46920 | G94: =H94&" - C" -> 4,1 - C | H94: =ROUND(B94,2) -> 4.1
B95: 4.2 | D95: CASETÓN DE LONA 0.80X0.70 | E95: M2 | F95: 85105 | G95: =H95&" - C" -> 4,2 - C | H95: =ROUND(B95,2) -> 4.2
B96: 4.3 | D96: COLUMNAS 3500 PSI | E96: M3 | F96: 1279454 | G96: =H96&" - C" -> 4,3 - C | H96: =ROUND(B96,2) -> 4.3
B97: 4.4 | D97: CONCRETO CICLÓPEO 2000 PSI, 40% RAJÓN | E97: M3 | F97: 402877 | G97: =H97&" - C" -> 4,4 - C | H97: =ROUND(B97,2) -> 4.4
B98: 4.5 | D98: ENTREPISO LÁMINA COLABORANTE 2", CAL 22, H=10 CM,INCL. MALLA DE REFUERZO, CONCRETO DE 3500 PSI | E98: M2 | F98: 192593 | G98: =H98&" - C" -> 4,5 - C | H98: =ROUND(B98,2) -> 4.5
B99: 4.6 | D99: ENTREPISO LÁMINA COLABORANTE 3", CAL 22, H=12 CM,INCL. MALLA DE REFUERZO, CONCRETO DE 3500 PSI | E99: M2 | F99: 260603 | G99: =H99&" - C" -> 4,6 - C | H99: =ROUND(B99,2) -> 4.6
B100: 4.7 | D100: ENTREPISOS CASETÓN CON VIGAS, 3500 PSI H=0.30 m (SIN REFUERZO) | E100: M2 | F100: 209964 | G100: =H100&" - C" -> 4,7 - C | H100: =ROUND(B100,2) -> 4.7
B101: 4.8 | D101: ENTREPISO CASETÓN CON VIGAS 3500 PSI, H=0.35 M (SIN REFUERZO) | E101: M2 | F101: 230996 | G101: =H101&" - C" -> 4,8 - C | H101: =ROUND(B101,2) -> 4.8
B102: 4.9 | D102: ENTREPISO CASETÓN CON VIGAS 3500 PSI, H=0.40 M (SIN REFUERZO) | E102: M2 | F102: 254717 | G102: =H102&" - C" -> 4,9 - C | H102: =ROUND(B102,2) -> 4.9
...
